Workbook
Name Class1: '[1]5. Activity-Risk Lists'!#REF!
Name Class1: '[1]5. Activity-Risk Lists'!#REF!
Name Class1: '5. Activity-Risk Lists'!#REF!
Name Class1: '5. Activity-Risk Lists'!#REF!
Name Class2: '[1]5. Activity-Risk Lists'!#REF!
Name Class2: '[1]5. Activity-Risk Lists'!#REF!
Name Class2: '5. Activity-Risk Lists'!#REF!
Name Class2: '5. Activity-Risk Lists'!#REF!
Name Consequence: '[1]5. Activity-Risk Lists'!#REF!
Name Consequence: '[1]5. Activity-Risk Lists'!#REF!
Name Consequence: '5. Activity-Risk Lists'!#REF!
Name Consequence: '5. Activity-Risk Lists'!#REF!
Name ConsequenceRatings: '[1]5. Activity-Risk Lists'!#REF!
Name ConsequenceRatings: '[1]5. Activity-Risk Lists'!#REF!
Name ConsequenceRatings: '5. Activity-Risk Lists'!#REF!
Name ConsequenceRatings: '5. Activity-Risk Lists'!#REF!
Name Costing: '[1]5. Activity-Risk Lists'!#REF!
Name Costing: '[1]5. Activity-Risk Lists'!#REF!
Name Costing: '5. Activity-Risk Lists'!#REF!
Name Costing: '5. Activity-Risk Lists'!#REF!
Name GenericEnergyHazards: '[2]Lookup Data - Do not Modify'!$J$2:$J$28
Name ImpactDescriptions: #REF!
Name ImpactDescriptions: #REF!
Name ImpactDescriptions: #REF!
Name ImpactDescriptions: #REF!
Name Impacts: #REF!
Name Impacts: #REF!
Name Impacts: #REF!
Name Impacts: #REF!
Name Likelihood: '[1]5. Activity-Risk Lists'!#REF!
Name Likelihood: '[1]5. Activity-Risk Lists'!#REF!
Name Likelihood: '5. Activity-Risk Lists'!#REF!
Name Likelihood: '5. Activity-Risk Lists'!#REF!
Name LikelihoodDescriptions: #REF!
Name LikelihoodDescriptions: #REF!
Name LikelihoodDescriptions: #REF!
Name LikelihoodDescriptions: #REF!
Name Likelihoodratings: '[1]5. Activity-Risk Lists'!#REF!
Name Likelihoodratings: '[1]5. Activity-Risk Lists'!#REF!
Name Likelihoodratings: '5. Activity-Risk Lists'!#REF!
Name Likelihoodratings: '5. Activity-Risk Lists'!#REF!
Name Likelihoods: #REF!
Name Likelihoods: #REF!
Name Likelihoods: #REF!
Name Likelihoods: #REF!
Name ManagedBy: '[1]5. Activity-Risk Lists'!#REF!
Name ManagedBy: '[1]5. Activity-Risk Lists'!#REF!
Name ManagedBy: '5. Activity-Risk Lists'!#REF!
Name ManagedBy: '5. Activity-Risk Lists'!#REF!
Name Phase: '[1]5. Activity-Risk Lists'!#REF!
Name Phase: '[1]5. Activity-Risk Lists'!#REF!
Name Phase: '5. Activity-Risk Lists'!#REF!
Name Phase: '5. Activity-Risk Lists'!#REF!
Name Project: '[1]5. Activity-Risk Lists'!#REF!
Name Project: '[1]5. Activity-Risk Lists'!#REF!
Name Project: '5. Activity-Risk Lists'!#REF!
Name Project: '5. Activity-Risk Lists'!#REF!
Name RiskCategories: #REF!
Name RiskCategories: #REF!
Name RiskCategories: #REF!

Sheet 0. Instructions
B1: Yurika Risk Assessment Template YUR 0002
B3: Step by Step instructions on how to use the Risk Register Template | F3: Table of Contents (TOC) for the Register Template
B4: 1 | C4: Document is READ ONLY - SAVE A COPY TO RELEVANT FOLDER WITH PREFIX YUR 0002 | F4: Worksheet / Hyperlink | G4: Description
B5: 2 | C5: Fill in tab - 1 .Workshop & Revision History | F5: 1.Workshop and Revision History | G5: Summary of the activity to risk assess, including document control register, and scope details
B6: 3 | C6: Become familiar with "2. EQL Risk Matrix" and "4. Risk Definitions". | F6: 1.a HRCW - Detailed Scope | G6: Complete this tab if you are undertaking any High Risk Construction Work Activities
B7: 4 | C7: If you are undertaking any High Risk Construction Work Activities, complete 1a - HRCW Detailed Scope | F7: 2.Risk Matrix | G7: The EQL Risk Matrix used for Risk Assessment. (PROTECTED).
B8: 5 | C8: Fill in, during the risk assessment meeting or workshop, the "3. Risk Register" up to 'ESCALATION' section. | F8: 3. Risk Register | G8: The current Risk Register.
B9: 6 | C9: Update version number of risk register in "1. Workshop & Revision History". | F9: 4. Risk Definitions | G9: Abbreviations and key definitions (Hidden)
B10: 7 | C10: Seek Approval for target risks with proposed mitigation actions as SFAIRP from the relevant level of authority in the "3. Risk Register". | F10: 5. Activity-Risk Lists | G10: Data reference for the Risk Register template. (PROTECTED/HIDDEN).
B11: 8 | C11: Once approved as SFAIRP and actions recorded in SAP, update the SFAIRP approval and action management sections of the "3. Risk Register". | F11: 6. Doc Control Register- template | G11: Check for latest version of the template for use (PROTECTED)
B12: 9 | C12: Save risk register as a new version and update "1. Workshop & Revision History". | F12: 7. Escalation Matrix | G12: The EQL Risk Matrix used for Escalation of Risk. (PROTECTED/HIDDEN)
B13: 10 | C13: Complete the 'REVIEW' section of the "3. Risk Register" when possible and save new versions of the risk register every time substantial changes are made to the risk register.
B15: Important notes | F15: Important documents to read
B16: 1 | C16: It is the responsibility of the Activity Owner to prepare and maintain the risk register for the activity/ies being assessed. | F16: Reference No | G16: Description
B17: 2 | C17: The risk scoring calculation in "3. Risk Register" from the "2. Risk Matrix" must not be altered. | F17: R209 | G17: EQL - Standard 3 Hazard and Risk Management | H17: Ref
B18: 3 | C18: "2. Risk Matrix" is renewed by EQL | F18: P043 | G18: EQL - Risk Management Policy | H18: Policy
B19: 4 | C19: "5. Activity-Risk Lists" must not be changed unless approved by the Yurika HSE Manager | F19: ECM9937852 | G19: EQL - Risk Management Procedure | H19: Procedure
B20: 5 | C20: Risk assessment processses (including risk registers and risk assessment templates) throughout Yurika are reviewed and audited on a regular basis | F20: Q015 | G20: EQL - Risk Appetite | H20: Procedure
B21: 6 | C21: If you have any questions in using the risk management process including the risk assessment template, consult your immediate supervisor or HSE for guidance. | F21: R056 | G21: EQL - Risk Evaluation Matrix | H21: Procedure

Sheet 1.Workshop & Revision History
A1: Activity Description
A2: Activity - Title (provide a title for the activity) | B2: Project Specific HSE Risk Register | D2: Project | E2: Swanbank BESS
A3: Client | B3: CleanCo Queensland Limited | D3: Contractor | E3: Yurika Pty Ltd
A4: Activity Owner (is accountable for making sure the risk assessment process is effectively applied to the proposed activity) | B4: Name: | C4: Brendon Watts | D4: Position: | E4: Project Manager
A5: CCQ DOCUMENT NUMBER | B5: SBK-F-175-2000-022 | D5: YUR DOCUMENT NUMBER | E5: SBK-F-YUR-RSK-REG-0001
A6: CURRENT REVISION | B6: A | D6: WR | E6: WR1853038
A7: Activity - Scope/Description What is the activity aiming to achieve and what needs to be done? Describe if possible the complexity of the activity Describe if possible the value of the activity for Yurika | B7: The Scope of Works for the Swanbank BESS Project is outlined in the Contract (REF: Appendix 1) and referred to in this document and associated plans referred to in the Appendix. The Swanbank BESS (Stage1) and Substation is a 275/33kV substation is to be built within the Swanbank precinct, approximately 10km Southeast of Ipswich QLD.
A8: Yurika Delivery Role | B8: Principal Contractor | D8: Jurisdiction | E8: QLD
A9: Industry / Sector | B9: Other | D9: Wider EQL/Shared Services required? | E9: N/A
A10: Plans required for Project Execution as outlined in contract/scope
A11: Latest WORKSHOP
A12: Venue/Location | B12: Memorial Drive, Swanbank QLD
A13: Date | B13: 45509
A14: Facilitator (Name) | B14: Brendon Watts | D14: Position: | E14: Project Manager
A15: Scribe (Name) | B15: Brendon Watts | D15: Position: | E15: Project Manager
A16: List of Invitees | B16: No | C16: Name | D16: Discipline/Position | E16: Status
B17: 1 | C17: Brendon Watts | D17: Project Manager | E17: Attended
B18: 2 | C18: Sooty Phomsouvanh | D18: Project HSE Specialist | E18: Attended
B19: 3 | C19: Murray Adey | D19: Construction Manager | E19: Attended
B20: 4 | C20: Brad Ayers | D20: Civil Supervisor | E20: Attended
B21: 5 | C21: Fawad Jalil | D21: Civil Engineer | E21: Attended
B22: 6 | E22: Please select
B23: 7 | E23: Please select
B24: 8 | E24: Please select
B25: 9 | E25: Please select
B26: 10 | E26: Please select
A28: Plan requirements as outlined in scope : H&S Plan, Emergency Response Plan, Environment Plan, Audit and Assurance Plan
A29: Health & Safety Management Plan
A30: Construction Environmental Mananagment Plan
A31: Emergency Response Plan
A38: Revision History
A39: Date of Update | B39: Version No | C39: Responsible (Name) | D39: Position | E39: Reasons for changes
A40: 45143 | B40: A | C40: Brendon Watts | D40: Project Manager | E40: Issued for Use

Sheet 1.a HRCW - Detailed Scope
A1: SoW v HRCW | C1: HIGH RISK CONSTRUCTION WORK (HRCW)
A2: Scope of Work (SoW) | B2: By whom? Yurika, Asset Owner, Contractor. | C2: Working at heights | D2: Work on communications towers | E2: Demolition works (Supporting structures) | F2: Asbestos related work | G2: Confined space | H2: Excavation & trenching | I2: Work near pressurised gas mains or piping | J2: Work carried out on or near energised electrical | K2: Hazardous (flammable) atmosphere | L2: Tilt-up or precast concrete | M2: Work on or near roads or railways | N2: Workplace with movement of powered mobile plant | O2: Working in or near water that poses a risk of drowning | P2: Notes if Required | R2: Guidance: Note down any HRCW (High Risk Construction Work) activities outlined in scope of works (if any) in order of scope. You can use this tool to assist in determining any speical requirements as an example simply place an X in the relative column according to the type of work Those listed are EXAMPLES ONLY
A3: Site Establishment | B3: Yurika | N3: x
A4: Civil - laydown, site huts, ameneties, generators etc | B4: Yurika | H4: x | J4: x | N4: x
A5: Civil Works | H5: x | J5: x | N5: x
A6: substation foundation | B6: TBD | H6: x | N6: x
A7: Bulk earthworks - foundations, road, drainage, fences, earth grid, cable conduits etc | B7: TBD | H7: x | J7: x | N7: x
A8: Scope Part 2 | B8: Yurika
U22: Commercial EQL & Yurika | V22: <$2.5M total impact of event <$500,000 total impact of event | W22: >$2.5M to <$10M total impact of event >$500,000 to <$2.5M total impact of event | X22: >$10M to <$20M total impact of event >$2.5M to <$6M total impact of event | Y22: >$20M to <$50M total impact of event >$6M to <$10M total impact of event | Z22: >$50M to <$150M total impact of event >$10M to <$20M total impact of event | AA22: > $150M total impact of event >$20M total impact of event

Sheet 2. Risk Matrix
A1: Yurika Risk Assessment | F1: Return to TOC
A3: EQL Risk Matrix | F3: CONSEQUENCE
F4: Health & Safety | G4: Injury/illness requiring first aid or not requiring treatment (for example, not requiring attention, scratches, bruises), no LTI | H4: Injury or illness requiring medical treatment as an outpatient, recovery in < seven days, no LTI | I4: Injury or Illness requiring medical treatment as an outpatient, full recovery within 3 months, resulting in LTI | J4: Injury / Illness resulting in permanent impairment or requiring admission to hospital, resulting in LTI | K4: Fatality / Incurable fatal illness | L4: Multiple fatalities, serious injuries, or incurable fatal illnesses
F5: Environment / Cultural Heritage | G5: Minor impact to Cultural Heritage value Localised environmental impact | H5: Short term impact to Cultural Heritage value or artefact Material localised environmental impact | I5: Moderate short-term impact to Cultural Heritage value, artefact or environmental | J5: Serious medium-term damage to Cultural Heritage value or artefact Material environmental harm | K5: Serious long-term damage to Cultural Heritage Value or artefact or environment | L5: Extensive permanent damage to Cultural Heritage value or artefact Irreversible, long term or widespread environmental impact
F6: People + Culture | G6: Change or variations to industry norms with isolated impacts to diversity, inclusion, attendance, turnover and employee engagement | H6: Change or variations to industry norms with limited impacts to diversity, inclusion, attendance, turnover and employee engagement | I6: Change or variations to industry norms for diversity, inclusion, attendance, turnover and employee engagement | J6: Adverse change or effects, above industry norms for diversity, inclusion, attendance, turnover and employee engagement | K6: Pronounced change or effects on diversity, inclusion, attendance, turnover and levels of employee engagement | L6: Change or effects well beyond the industry norms for diversity, inclusion, attendance, turnover and employee engagement
F7: Stakeholder + Reputation | G7: External criticism that does not extend to regional/local media, nor directly impact EQL Executive or Stakeholders. Informal response from EQL may be required to resolve | H7: Low levels of adverse attention. Single story, local media reporting | I7: Adverse attention, attracting local media reporting and/or Short-term brand damage to EQL | J7: Adverse attention, attracting widespread regional media reporting and/or Medium-term regional brand damage to EQL | K7: Sustained levels of adverse attention, attracting widespread Queensland media attention and/or Medium to Long-term brand damage to EQL in Queensland | L7: Sustained levels of adverse attention, attracting widespread national media attention and/or Irreversible brand damage to EQL
F8: Customers + Community | G8: Customer or community complaints which can be resolved through BAU resolution processes Outages to < 100 customers or restoration time for impacted customers is outside of safety net requirements. | H8: Customer and/or community dissatisfaction resulting in multiple complaints being made to EQL and/or Regulators relating to a single incident / issue. Outages to localised communities or local critical infrastructure where > 1000 customer are impacted and/or restoration time is outside of safety net requirements. Interruption and/or power quality for small to medium businesses, or inability to meet agreed target for restoration and/or increased supply | I8: Customer and/or community dissatisfaction resulting in reduced Customer and/or Community confidence at a local level. Outages to localised communities or local critical infrastructure where either > 5,000 customers are impacted and/or restoration time is outside of safety net requirements. Interruption, power quality issues and/or inability to meet restoration / increased supply impacts single large-scale business and/or essential service. | J8: Major levels of dissatisfaction resulting in loss of Customer or Community confidence and trust at a regional level. Interruption to supply that impacts >15,000 customers and/or restoration time for impacted customers is outside of safety net requirements. Inability to meet agreed target date, or disruption to multiple large-scale businesses or essential services (e.g. hospitals, sewage) | K8: Severe and widespread levels of dissatisfaction resulting in Sustained loss of Customer, Community confidence and trust on a state wide level Interruption to supply that impacts > 50,000 customers and/or where restoration time for impacted customers is > 3 days. Widespread or substantial damage to customer assets across multiple locations. | L8: Severe and widespread levels of dissatisfaction resulting in Sustained loss of Customer, Community confidence and trust on a national level Interruption to supply that impacts > 70000 customer and/or restoration time for impacted customers is > 1 week. Widespread and substantial damage to multiple major customer assets e.g. large generators, mines, essential services.
F9: Commercial EQL & Yurika | G9: <$2.5M total impact of event <$500,000 total impact of event | H9: >$2.5M to <$10M total impact of event >$500,000 to <$2.5M total impact of event | I9: >$10M to <$20M total impact of event >$2.5M to <$6M total impact of event | J9: >$20M to <$50M total impact of event >$6M to <$10M total impact of event | K9: >$50M to <$150M total impact of event >$10M to <$20M total impact of event | L9: > $150M total impact of event >$20M total impact of event
F10: Compliance, Legal & Regulatory | G10: Breach of internal policy or procedure with mandatory external reporting. Loss of sections of an individual’s personal information | H10: Improvement or penalty infringement Notice/s issued by regulator Public disclosure of whole of sensitive information (individual) | I10: Restriction to an activity level operating licence Enforcement Notice/s issued by regulator Public disclosure of number of retail customer or client information | J10: Restriction of subsidiary level operating licence Public disclosure of a cluster of retail customer or client information | K10: Suspension of subsidiary level operating licence Public disclosure of large section of retail customer or client information | L10: Loss of subsidiary entity operating licence or restrictions made to EQL licence Public disclosure of whole of retail customer or client information
F11: Information / Digital Security | G11: Limited restrictions to access of OT and Telco systems and networks. Possible weakness in relation to ICT, OT or Telco, key systems or devices Loss of access / usability of key organisational systems resulting in minor inconvenience. | H11: Low level impact to EQL business, OTE or Telco systems - can be restored minimal disruption and business impact Vulnerabilities in information security, OT or Telco network, leading to restrictions on ability to control and manage access | I11: Moderate business disruption or loss of control / or functional capability of EQL business systems for ≥ 48 hours due to a cyber security event Moderate or limited loss of access / usability of key organisational systems resulting in serious business disruption | J11: Severe loss of Availability / Integrity / Confidentiality or Control of EQL data resulting in business disruption and adverse information security impacts Significant malicious damage EQL protective security organisation physical assets and / or individuals | K11: Major business disruption or loss of control / or functional capability of EQL business systems Major malicious damage to EQL protective security organisation / physical assets and / or impact on individuals | L11: Unrecoverable loss of protected, in-confidence or critical organisation data Severe loss of Availability / Integrity / Confidentiality or Control of EQL information security.
F12: Network Security and Capability | G12: Inability to appropriately manage and/or remotely control a local portion of the distribution network | H12: Inability to appropriately manage and/or remotely control a bulk supply or zone substation within either Energex or Ergon networks. | I12: Inability to appropriately manage and/or remotely control a significant portion (>10%) of either Energex or Ergon networks | J12: Inability to appropriately manage and/or remotely control a significant (10%-30%) portion of either Energex or Ergon networks; | K12: Inability to appropriately manage and/or remotely control a large portion (30%-50%) of either Energex or Ergon networks | L12: Inability to manage and/or remotely control majority (50%+)of either the Energex or Ergon networks.
A13: LIKELIHOOD | B13: % Certainty | C13: Timeframe | D13: Anticipation | E13: Network Frequency | G13: Very low (1) | H13: Low (2) | I13: Moderate (3) | J13: Major (4) | K13: Significant (5) | L13: Severe (6)
B14: 90%-100% | C14: Less than 3 months | D14: • Historically occurred multiple times in one year (internal or within industry) • Anticipated to occur every 3 months • Is expected to occur regardless of circumstances or scenario | E14: Could occur daily or more often >300 times per year | F14: Almost Certain (6) | G14: Medium 17 | H14: Medium 19 | I14: High 26 | J14: High 28 | K14: Extreme 34 | L14: Extreme 36
B15: 60%-90% | C15: 3-6 months | D15: • Historically occurs at least annually (internal or within industry) • Anticipated to occur every 3 – 6 months • Is anticipated based on a combination of conditions | E15: Could occur as often as weekly > 50 times per year | F15: Likely (5) | G15: Minor 10 | H15: Medium 18 | I15: Medium 21 | J15: High 27 | K15: High 30 | L15: Extreme 35
B16: 30%-60% | C16: 6 months - 1 year | D16: • Historically has occurred from time to time (internal or within industry) • Anticipated to occur every 6 – 12 months • Could occur under most circumstances or scenarios | E16: Could occur as often as monthly >10 times per year | F16: Possible (4) | G16: Minor 9 | H16: Minor 12 | I16: Medium 20 | J16: Medium 23 | K16: High 29 | L16: High 33
B17: >10%-30% | C17: 1 year - < 5 years | D17: • Historically, isolated, random events have occurred over a period of years (internal or within industry) • Anticipated to occur every 1 year - < 5 years • Could occur in a narrow or limited range of circumstances | E17: Could occur as infrequently as once per year | F17: Unlikely (3) | G17: Sustainable 3 | H17: Minor 11 | I17: Minor 13 | J17: Medium 22 | K17: Medium 24 | L17: High 32
B18: >5%-10% | C18: 5 years - 10 years | D18: • Historically, isolated, random events may have occurred over >10-year period (internal or within industry) • Anticipated to occur every 5 years - < 10 years • Could only occur under specific circumstances or scenarios | E18: Could occur as infrequently as once in 10 years | F18: Very Unlikely (2) | G18: Sustainable 2 | H18: Sustainable 5 | I18: Sustainable 7 | J18: Minor 14 | K18: Minor 16 | L18: High 31
B19: 1%-5% | C19: >10 years | D19: • Has not occurred historically (internal or within industry) • Anticipated to less than once in 10 years • The occurrence is plausible / believable /credible, and only in exceptional circumstances. | E19: Could occur as infrequently as once in 100 years or even less | F19: Rare (1) | G19: Sustainable 1 | H19: Sustainable 4 | I19: Sustainable 6 | J19: Sustainable 8 | K19: Minor 15 | L19: Medium 25
D23: Risk Escalation and Reporting Mechanism
D24: The Risk Escalation and Reporting Mechanism provides guidance for when risks must be escalated and reported to various levels of Management, Committee and Boards. The Residual risk level (with current controls in place) is to be used when applying the Mechanism.
D25: For Yurika, risks are to be assessed against all relevant risk impact categories and descriptors and both the EQL and Yurika Commercial risk impact statements. Risk escalation and reporting of Yurika specific risks will be in accordance with the chevrons below.
D26: Please note all risks assessed against the Compliance, Legal & Regulatory impact category should also be notified to General Manager, Risk, Compliance, Insurance, Integrity and Resilience (GM RCIIR) and the Manager – Enterprise Risk, Compliance and Insurance

Sheet 3. Risk Register
A1: Yurika Project Risk Register (YUR 0002)
A2: Document Number
A3: Activity - Title
A4: Activity Ref
A6: IDENTIFY AND ASSESS RISKS | F6: CONTROL RISK | T6: MONITOR & REVIEW
A7: HAZARD IDENTIFICATION | M7: RESIDUAL PLANNED RISK (TARGET RISKS)
A8: Risk Number | B8: Description/Event(s) | C8: Impact(s) | D8: Assumptions | E8: Impact /Risk Category | F8: Control Description * | G8: Current Effectiveness of Control / Response | H8: Consequence | I8: Probability | J8: Current Residual Risk Level | K8: Authority level Notification and reporting | L8: Residual Risk Acceptance | M8: Proposed Response Actions | N8: Proposed Action Due Date | O8: Action Owner | P8: Consequence | Q8: Probability | R8: Residual Planned Risk Level | S8: Authority level Notification and reporting | T8: Sign Off | U8: Risk Review Frequency | V8: Date Last Reviewed
A9: Risk Number | B9: Describe the activity and associated hazard | C9: Potential effect(s) as a result of the hazard becoming uncontrollably released | D9: Assumption made in assessing level of risk | E9: Select the relevant REM impact area. If more than one impact area, identify as a separate risk | F9: Risk controls which are currently in place Provide enough detail for the control to be easily understood | G9: How effective are the nominated controls / Responses at controlling the risk | H9: Consequence score with consideration of existing controls / Responses | I9: Likelihood score with consideration of existing controls / Responses | J9: Residual Risk rating based on risk scores | K9: Details of Authority Level Risk is to be reported to. | L9: Risk Accepted Yes/No | M9: List and rank proposed/future/intended actions to reduce risk (by order of effectiveness from more to less effective) | N9: Date by which the action needs to be closed out | O9: Nominate the suitable person to manage the relevant action | P9: Consequence score with consideration to impact of proposed mitigants | Q9: Likelihood score with consideration to impact of proposed mitigants | R9: Target Risk ratings based on risk score | S9: Details of Authority Level Risk is to be reported to. | T9: Details of Person accepting that risk is closed. | U9: Based on the risk score, e.g. high risks followed up monthly | V9: Indicate the last time risk was reviewed
A10: 1 | B10: Confined Space entry - Stormwater pits and pipes, Duct work | C10: Explosion causing injury / damage | D10: Concentration of flammable airborne contaminant e.g. gas, fuel, explosive dust | E10: Health & Safety | F10: Only suitably qualified Confined Space trained personnel may undertake confined space tasks included risk management processes, hazard control, enter and conduct tasks, perform stand-by role and participate in emergency response. Conduct all works according to a Confined Space Permit. Test the atmosphere prior to entry for unsafe oxygen level, harmful contaminants and any flammable or combustible contaminants. Isolate services connected to the space that may cause harm. Establish mechanical / natural ventilation for the space. Only use intrinsically safe equipment Perform Continuous / Regular / Periodic atmospheric monitoring during works and document on Permit. Ensure Gas monitor is calibrated / challenged / bump tested prior to use. Provide Air-Supplied Breathing Equipment if working within a potentially unsafe atmosphere. Establish fire extinguishers. Keep gas bottles outside the space. Any Hot Work in the space to be conducted under Hot Work Permit. | G10: Good | H10: Major (4) | I10: Rare (1) | J10: =MID(INDEX('2. Risk Matrix'!$G$14:$L$19,MATCH($I10,'2. Risk Matrix'!$F$14:$F$19,0), MATCH($H10,'2. Risk Matrix'!$G$13:$L$13,0)),1,20) -> Sustainable 8 | K10: =MID(INDEX('7. Escalation Matrix'!$G$14:$L$19,MATCH($I10,'7. Escalation Matrix'!$F$14:$F$19,0), MATCH($H10,'7. Escalation Matrix'!$G$13:$L$13,0)),1,300) -> Supervisor/ Front Line Manager | L10: Yes | R10: =MID(INDEX('2. Risk Matrix'!$G$14:$L$19,MATCH($Q10,'2. Risk Matrix'!$F$14:$F$19,0), MATCH($P10,'2. Risk Matrix'!$G$13:$L$13,0)),1,20) -> #N/A | S10: =MID(INDEX('7. Escalation Matrix'!$G$14:$L$19,MATCH($Q10,'7. Escalation Matrix'!$F$14:$F$19,0), MATCH($P10,'7. Escalation Matrix'!$G$13:$L$13,0)),1,300) -> #N/A | U10: Please select
A11: 2 | B11: Confined Space entry - Stormwater pits and pipes, Duct work | C11: Restricted entry or exit causing limitations to Emergency Response | D11: Enclosed or partially enclosed space, not intended primarily for human occupancy | E11: Health & Safety | F11: Only suitably qualified Confined Space trained personnel may undertake confined space tasks included risk management processes, hazard control, enter and conduct tasks, perform stand-by role and participate in emergency response. Confined Space work must only be undertaken under Confined Space Permit conditions. Establish rescue method - e.g. tripod, davit, winch. Position a Confined Space trained stand-by person at the entry point for the duration of the work. Establish and maintain agreed communication with the stand-by person and person/s inside the space. Identify safe access/egress points. Set-up emergency rescue equipment at access point. Ensure buddy system or multiple team members - No work alone. Have First Aider with CPR competency within work crew. | G11: Good | H11: Major (4) | I11: Very Unlikely (2) | J11: =MID(INDEX('2. Risk Matrix'!$G$14:$L$19,MATCH($I11,'2. Risk Matrix'!$F$14:$F$19,0), MATCH($H11,'2. Risk Matrix'!$G$13:$L$13,0)),1,20) -> Minor 14 | K11: =MID(INDEX('7. Escalation Matrix'!$G$14:$L$19,MATCH($I11,'7. Escalation Matrix'!$F$14:$F$19,0), MATCH($H11,'7. Escalation Matrix'!$G$13:$L$13,0)),1,300) -> Area or Dept. Manager | L11: Yes | R11: =MID(INDEX('2. Risk Matrix'!$G$14:$L$19,MATCH($Q11,'2. Risk Matrix'!$F$14:$F$19,0), MATCH($P11,'2. Risk Matrix'!$G$13:$L$13,0)),1,20) -> #N/A | S11: =MID(INDEX('7. Escalation Matrix'!$G$14:$L$19,MATCH($Q11,'7. Escalation Matrix'!$F$14:$F$19,0), MATCH($P11,'7. Escalation Matrix'!$G$13:$L$13,0)),1,300) -> #N/A | U11: Please select
A12: 3 | B12: Confined Space entry - Stormwater pits and pipes, Duct work | C12: Thermal issues - may cause hyperthermia | D12: Enclosed or partially enclosed space, not intended primarily for human occupancy | E12: Health & Safety | F12: Only suitably qualified Confined Space trained personnel may undertake confined space tasks included risk management processes, hazard control, enter and conduct tasks, perform stand-by role and participate in emergency response. Conduct all works according to a Confined Space Permit. Establish mechanical / natural ventilation for the space. Establish and maintain agreed communication with the stand-by person and persons inside the space. Monitor humidity and temperate during works. Provide rest breaks where required. | G12: Good | H12: Moderate (3) | I12: Very Unlikely (2) | J12: =MID(INDEX('2. Risk Matrix'!$G$14:$L$19,MATCH($I12,'2. Risk Matrix'!$F$14:$F$19,0), MATCH($H12,'2. Risk Matrix'!$G$13:$L$13,0)),1,20) -> Sustainable 7 | K12: =MID(INDEX('7. Escalation Matrix'!$G$14:$L$19,MATCH($I12,'7. Escalation Matrix'!$F$14:$F$19,0), MATCH($H12,'7. Escalation Matrix'!$G$13:$L$13,0)),1,300) -> Supervisor/ Front Line Manager | L12: Yes | R12: =MID(INDEX('2. Risk Matrix'!$G$14:$L$19,MATCH($Q12,'2. Risk Matrix'!$F$14:$F$19,0), MATCH($P12,'2. Risk Matrix'!$G$13:$L$13,0)),1,20) -> #N/A | S12: =MID(INDEX('7. Escalation Matrix'!$G$14:$L$19,MATCH($Q12,'7. Escalation Matrix'!$F$14:$F$19,0), MATCH($P12,'7. Escalation Matrix'!$G$13:$L$13,0)),1,300) -> #N/A | U12: Please select
A13: 4 | B13: Confined Space entry - Stormwater pits and pipes, Duct work | C13: Engulfment causing suffocation or drowning. | D13: Potential free-flowing solid or rising level of liquid. | E13: Health & Safety | F13: Only suitably qualified Confined Space trained personnel may undertake confined space tasks including risk management processes, hazard control, enter and conduct tasks, perform stand-by role and participate in emergency response. Conduct all works according to a Confined Space Permit. Double isolation of services connected to the space that may cause harm (e.g. drowning or suffocation). Clean or purge solids or liquids within or connected to the space. Drain or empty vessel of material. Place warning signs and barricades at all access points. Conduct all works according to a Confined Space Permit. | G13: Good | H13: Major (4) | I13: Rare (1) | J13: =MID(INDEX('2. Risk Matrix'!$G$14:$L$19,MATCH($I13,'2. Risk Matrix'!$F$14:$F$19,0), MATCH($H13,'2. Risk Matrix'!$G$13:$L$13,0)),1,20) -> Sustainable 8 | K13: =MID(INDEX('7. Escalation Matrix'!$G$14:$L$19,MATCH($I13,'7. Escalation Matrix'!$F$14:$F$19,0), MATCH($H13,'7. Escalation Matrix'!$G$13:$L$13,0)),1,300) -> Supervisor/ Front Line Manager | L13: Yes | R13: =MID(INDEX('2. Risk Matrix'!$G$14:$L$19,MATCH($Q13,'2. Risk Matrix'!$F$14:$F$19,0), MATCH($P13,'2. Risk Matrix'!$G$13:$L$13,0)),1,20) -> #N/A | S13: =MID(INDEX('7. Escalation Matrix'!$G$14:$L$19,MATCH($Q13,'7. Escalation Matrix'!$F$14:$F$19,0), MATCH($P13,'7. Escalation Matrix'!$G$13:$L$13,0)),1,300) -> #N/A | U13: Please select
A14: 5 | B14: Confined Space entry - Stormwater pits and pipes, Duct work | C14: May cause impairment, loss of consciousness or asphyxiation. | D14: Unsafe oxygen level outside of the safe oxygen range or airborne contaminants. | E14: Health & Safety | F14: Only suitably qualified Confined Space trained personnel may undertake confined space tasks included risk management processes, hazard control, enter and conduct tasks, perform stand-by role and participate in emergency response. Conduct all works according to a Confined Space Permit. Test the atmosphere prior to entry for unsafe oxygen level, Harmful contaminants and any flammable or combustible contaminants. Isolate services connected to the space that may cause harm. Establish mechanical / natural ventilation for the space. Clean or purge solids or liquids within or connected to the space. Place warning signs and barricades at all access points. Secure the confined space each day once the work is completed. Perform Continuous / Regular / Periodic atmospheric monitoring during works and document on Permit. All persons required to enter or supervise work must have completed accredited confined space training. Have First Aider with CPR competency within work crew. Ensure Gas monitor is calibrated / challenged / bump tested prior to use. Keep exhaust gas/fume producing plant away from space. Provide Air-Supplied Breathing Equipment if working within a potentially unsafe atmosphere. Ensure safety harnesses are tested and inspected before use. | G14: Good | H14: Major (4) | I14: Very Unlikely (2) | J14: =MID(INDEX('2. Risk Matrix'!$G$14:$L$19,MATCH($I14,'2. Risk Matrix'!$F$14:$F$19,0), MATCH($H14,'2. Risk Matrix'!$G$13:$L$13,0)),1,20) -> Minor 14 | K14: =MID(INDEX('7. Escalation Matrix'!$G$14:$L$19,MATCH($I14,'7. Escalation Matrix'!$F$14:$F$19,0), MATCH($H14,'7. Escalation Matrix'!$G$13:$L$13,0)),1,300) -> Area or Dept. Manager | L14: Yes | R14: =MID(INDEX('2. Risk Matrix'!$G$14:$L$19,MATCH($Q14,'2. Risk Matrix'!$F$14:$F$19,0), MATCH($P14,'2. Risk Matrix'!$G$13:$L$13,0)),1,20) -> #N/A | S14: =MID(INDEX('7. Escalation Matrix'!$G$14:$L$19,MATCH($Q14,'7. Escalation Matrix'!$F$14:$F$19,0), MATCH($P14,'7. Escalation Matrix'!$G$13:$L$13,0)),1,300) -> #N/A | U14: Please select
A15: 6 | B15: Construction work - General | C15: Environmental impact - Inappropriate disposal of waste | D15: Civil, electrical and facilities waste anticipated | E15: Health & Safety | F15: Waste to be disposed of appropriately; site to be cleared of waste at end of each day; to be disposed of as agreed; regulated waste as legislated; recycling whenever possible. | G15: Good | H15: Low (2) | I15: Very Unlikely (2) | J15: =MID(INDEX('2. Risk Matrix'!$G$14:$L$19,MATCH($I15,'2. Risk Matrix'!$F$14:$F$19,0), MATCH($H15,'2. Risk Matrix'!$G$13:$L$13,0)),1,20) -> Sustainable 5 | K15: =MID(INDEX('7. Escalation Matrix'!$G$14:$L$19,MATCH($I15,'7. Escalation Matrix'!$F$14:$F$19,0), MATCH($H15,'7. Escalation Matrix'!$G$13:$L$13,0)),1,300) -> Supervisor/ Front Line Manager | L15: Yes | R15: =MID(INDEX('2. Risk Matrix'!$G$14:$L$19,MATCH($Q15,'2. Risk Matrix'!$F$14:$F$19,0), MATCH($P15,'2. Risk Matrix'!$G$13:$L$13,0)),1,20) -> #N/A | S15: =MID(INDEX('7. Escalation Matrix'!$G$14:$L$19,MATCH($Q15,'7. Escalation Matrix'!$F$14:$F$19,0), MATCH($P15,'7. Escalation Matrix'!$G$13:$L$13,0)),1,300) -> #N/A | U15: Please select
A16: 7 | B16: Hazardous Chemical Storage Area - Contaminated or flammable atmosphere | C16: Explosion causing injury / damage | D16: Confirmed or anticipated 'hazardous area' | E16: Health & Safety | F16: Access to area to be conducted under asset owner access permit requirements. Identify exclusion areas and set up barriers and warning signs. All personnel must wear approved hazardous area clothing Personal Protective Equipment (PPE). Only natural fibre’s such as cottons or wools to be worn underneath Flame Resistant Clothing. Isolate hazardous contaminant supply - Asset owner authority required. No ignition sources must be present in the hazardous area, unless under a permit e.g. hot work or access permit. Electrical installations or equipment must be designed for specific hazardous area Zone e.g. intrinsically safe. Dilute or ventilate area. Conduct hot works under a permit. Hot work controls include: Removal or Protection of Combustible Materials, Communication systems established, Fire Equipment (Hoses, blankets & extinguishers), Signage & Barricading, Standby person (Firewatcher) in attendance and remain for 30 minute after works completion. Obtain Safety Data Sheet for known gases. Install metallic bond across any proposed cut or break in a conductive gas line, District Regulator Station or Gas Measurement System. All workers must be suitably trained and authorised to conduct work in the hazardous area. Persons not trained or authorised must be accompanied by an authorised person at all times. Monitor weather and wind conditions throughout works. Emergency response plans for uncontrolled release of hazardous contaminant communicated to all personnel and equipment established for fire/explosion. | G16: Good | H16: Major (4) | I16: Very Unlikely (2) | J16: =MID(INDEX('2. Risk Matrix'!$G$14:$L$19,MATCH($I16,'2. Risk Matrix'!$F$14:$F$19,0), MATCH($H16,'2. Risk Matrix'!$G$13:$L$13,0)),1,20) -> Minor 14 | K16: =MID(INDEX('7. Escalation Matrix'!$G$14:$L$19,MATCH($I16,'7. Escalation Matrix'!$F$14:$F$19,0), MATCH($H16,'7. Escalation Matrix'!$G$13:$L$13,0)),1,300) -> Area or Dept. Manager | L16: Yes | R16: =MID(INDEX('2. Risk Matrix'!$G$14:$L$19,MATCH($Q16,'2. Risk Matrix'!$F$14:$F$19,0), MATCH($P16,'2. Risk Matrix'!$G$13:$L$13,0)),1,20) -> #N/A | S16: =MID(INDEX('7. Escalation Matrix'!$G$14:$L$19,MATCH($Q16,'7. Escalation Matrix'!$F$14:$F$19,0), MATCH($P16,'7. Escalation Matrix'!$G$13:$L$13,0)),1,300) -> #N/A | U16: Please select
A17: 8 | B17: Heavy Lifting of equipment, materials or plant - Operating Cranes and lifting | C17: Falling load - Injury/asset damage | D17: Subcontractor cranage operations to lift in substation pre-fab buildings | E17: Health & Safety | F17: Ensure correct crane is selected for the work task e.g. lifting capacity, terrain. Ensure Load Limiting Devices are fitted to cranes. Operate the crane according to the manufacturer's instructions. Include functional test as part of pre-start check. The crane operator must remain at the crane controls while a load is being lifted. A crane operator cannot carry out dual roles, that is crane operator and dogger. Verify that lifting points are designed and certified by qualified engineers. Use designated lifting points when provided. Use tested, tagged and rated lifting equipment, and inspect before use. Loads must be secured. Steady loads with16mm tag lines and keep body parts away from the pinch /crush points. Operate the crane within its Safe Working Load. Never disable load limit alarms/anti-two block/switches etc Conduct work under a lift study when operating a crane at more than 85% of its Safe Working Load (SWL) (Significant Lift) or using multiple cranes in the same lift. Significant Lifts - Perform the lift with licensed doggers and crane operators. Dual lifts - Perform the lift with licensed riggers, doggers and crane operators. A rigger must coordinate the lift. Using an excavator as a crane – to be fitted with visible lifting chart, level indicator and SWL on boom, burst protection (when the RC exceeds 1 tonne) and a closed eye designated lifting point. Monitor weather conditions throughout works: • Wind that may cause lines or load to swing. • Rain that may effect ground conditions. • Lightning that may strike during lifting operation. Re-visit HazChat if whether conditions change. Emergency response plans and equipment established for persons potentially struck by falling objects. Set up exclusion zones around the crane’s operating area. Do not walk under a suspended load. | G17: Good | H17: Significant (5) | I17: Very Unlikely (2) | J17: =MID(INDEX('2. Risk Matrix'!$G$14:$L$19,MATCH($I17,'2. Risk Matrix'!$F$14:$F$19,0), MATCH($H17,'2. Risk Matrix'!$G$13:$L$13,0)),1,20) -> Minor 16 | K17: =MID(INDEX('7. Escalation Matrix'!$G$14:$L$19,MATCH($I17,'7. Escalation Matrix'!$F$14:$F$19,0), MATCH($H17,'7. Escalation Matrix'!$G$13:$L$13,0)),1,300) -> Area or Dept. Manager | L17: Yes | R17: =MID(INDEX('2. Risk Matrix'!$G$14:$L$19,MATCH($Q17,'2. Risk Matrix'!$F$14:$F$19,0), MATCH($P17,'2. Risk Matrix'!$G$13:$L$13,0)),1,20) -> #N/A | S17: =MID(INDEX('7. Escalation Matrix'!$G$14:$L$19,MATCH($Q17,'7. Escalation Matrix'!$F$14:$F$19,0), MATCH($P17,'7. Escalation Matrix'!$G$13:$L$13,0)),1,300) -> #N/A | U17: Please select
A18: 9 | B18: Heavy Lifting of equipment, materials or plant - Operating Cranes and lifting | C18: Collision with other plant and structures when travelling with load - Injury/asset damage | D18: Potentially civil plant also in use during lifting operations | E18: Health & Safety | F18: A dogger (or more than one as required) must walk the load with a 16mm tagline attached. Use two-way, hand signals, lights etc to establish communication when passing other plant or workgroups, and ensure all understand your intent prior to passing. Plant being passed must remain stationary. Passing plant must travel at no more than 5km/hr. Emergency response plans and equipment established for potential traffic accident and collision. | G18: Good | H18: Major (4) | I18: Rare (1) | J18: =MID(INDEX('2. Risk Matrix'!$G$14:$L$19,MATCH($I18,'2. Risk Matrix'!$F$14:$F$19,0), MATCH($H18,'2. Risk Matrix'!$G$13:$L$13,0)),1,20) -> Sustainable 8 | K18: =MID(INDEX('7. Escalation Matrix'!$G$14:$L$19,MATCH($I18,'7. Escalation Matrix'!$F$14:$F$19,0), MATCH($H18,'7. Escalation Matrix'!$G$13:$L$13,0)),1,300) -> Supervisor/ Front Line Manager | L18: Yes | R18: =MID(INDEX('2. Risk Matrix'!$G$14:$L$19,MATCH($Q18,'2. Risk Matrix'!$F$14:$F$19,0), MATCH($P18,'2. Risk Matrix'!$G$13:$L$13,0)),1,20) -> #N/A | S18: =MID(INDEX('7. Escalation Matrix'!$G$14:$L$19,MATCH($Q18,'7. Escalation Matrix'!$F$14:$F$19,0), MATCH($P18,'7. Escalation Matrix'!$G$13:$L$13,0)),1,300) -> #N/A | U18: Please select
A19: 10 | B19: Heavy Lifting of equipment, materials or plant - Operating Cranes and lifting | C19: Contact with overhead services - Injury/asset damage | D19: Lifting electrical components in the vicinity of existing overhead services | E19: Health & Safety | F19: Isolation is always the first preference. Ensure tag lines are made of non-conductive material when working in an electrical environment. Locate overhead power lines and maintain safe clearance distances depending on voltage. A Safety Observer must be in place when working in the vicinity of overhead services. The Safety Observer must have no other role, other than Safety Observer. Install Proximity Warning Devices. Install Warning Bunting/Tiger Tails/Goal posts. Erect Warning Signs. Emergency response plans established for potential contact with overhead services. Ensure all are knowledgeable in step-touch potential. | G19: Good | H19: Significant (5) | I19: Very Unlikely (2) | J19: =MID(INDEX('2. Risk Matrix'!$G$14:$L$19,MATCH($I19,'2. Risk Matrix'!$F$14:$F$19,0), MATCH($H19,'2. Risk Matrix'!$G$13:$L$13,0)),1,20) -> Minor 16 | K19: =MID(INDEX('7. Escalation Matrix'!$G$14:$L$19,MATCH($I19,'7. Escalation Matrix'!$F$14:$F$19,0), MATCH($H19,'7. Escalation Matrix'!$G$13:$L$13,0)),1,300) -> Area or Dept. Manager | L19: Yes | R19: =MID(INDEX('2. Risk Matrix'!$G$14:$L$19,MATCH($Q19,'2. Risk Matrix'!$F$14:$F$19,0), MATCH($P19,'2. Risk Matrix'!$G$13:$L$13,0)),1,20) -> #N/A | S19: =MID(INDEX('7. Escalation Matrix'!$G$14:$L$19,MATCH($Q19,'7. Escalation Matrix'!$F$14:$F$19,0), MATCH($P19,'7. Escalation Matrix'!$G$13:$L$13,0)),1,300) -> #N/A | U19: Please select
A20: 11 | B20: Heavy Lifting of equipment, materials or plant - Operating Cranes and lifting | C20: Structural failure – Injury/asset damage. | D20: Work in operational areas; fit for purpose plant. | E20: Health & Safety | F20: A Plant Risk Assessment, User Manual and Pre-start checklist must be available to the operator either in paper form or electronically. Design registration is also required of any mobile crane with a rated capacity of greater than 10 tonnes. Design registration is valid for five years. Registered cranes require a ‘Major Inspection’ every 10 years and evidence must be sought to clarify this has been carried out. All mobile cranes should be inspected as per the manufacturer’s instructions, or as a minimum yearly. Yearly inspections include detailed mechanical and structural inspections carried out by a competent person. Evidence must be sought to clarify this has been carried out. | G20: Good | H20: Significant (5) | I20: Rare (1) | J20: =MID(INDEX('2. Risk Matrix'!$G$14:$L$19,MATCH($I20,'2. Risk Matrix'!$F$14:$F$19,0), MATCH($H20,'2. Risk Matrix'!$G$13:$L$13,0)),1,20) -> Minor 15 | K20: =MID(INDEX('7. Escalation Matrix'!$G$14:$L$19,MATCH($I20,'7. Escalation Matrix'!$F$14:$F$19,0), MATCH($H20,'7. Escalation Matrix'!$G$13:$L$13,0)),1,300) -> Area or Dept. Manager | L20: Yes | R20: =MID(INDEX('2. Risk Matrix'!$G$14:$L$19,MATCH($Q20,'2. Risk Matrix'!$F$14:$F$19,0), MATCH($P20,'2. Risk Matrix'!$G$13:$L$13,0)),1,20) -> #N/A | S20: =MID(INDEX('7. Escalation Matrix'!$G$14:$L$19,MATCH($Q20,'7. Escalation Matrix'!$F$14:$F$19,0), MATCH($P20,'7. Escalation Matrix'!$G$13:$L$13,0)),1,300) -> #N/A | U20: Please select
A21: 12 | B21: Heavy Lifting of equipment, materials or plant - Operating Cranes and lifting | C21: Overturning - Injury/asset damage | D21: Underground conduits - minimum coverage - not designed for heavy plant to cross. Compaction limits may restrict crane access requiring excessive boom-out configuration. | E21: Health & Safety | F21: Ensure contractor is advised of any potential access issues. Walk the job - Check ground and site conditions before setting up the crane. Seek Geotech advice when necessary. Pads may require construction, compaction and density testing. Ensure correct crane is selected for the work task e.g. lifting capacity, terrain. Engage outriggers during lifting (as applicable e.g. franna, borer/lifter, Hiab. Use dunnage as required; purpose-built pads or latticed/pig-sty stacked 200mm x 75mm timbers. Emergency response plans established for potential overturning. Establish communication system (e.g. radio, verbal, hand, lights etc.) between personnel controlling the lift, which includes the operator, dogger and/or rigger and the spotter if in place. Seat-belts to be worn if fitted. ROPS fitted to plant. Unessential personnel must not be in the radius of the crane. | G21: Good | H21: Significant (5) | I21: Very Unlikely (2) | J21: =MID(INDEX('2. Risk Matrix'!$G$14:$L$19,MATCH($I21,'2. Risk Matrix'!$F$14:$F$19,0), MATCH($H21,'2. Risk Matrix'!$G$13:$L$13,0)),1,20) -> Minor 16 | K21: =MID(INDEX('7. Escalation Matrix'!$G$14:$L$19,MATCH($I21,'7. Escalation Matrix'!$F$14:$F$19,0), MATCH($H21,'7. Escalation Matrix'!$G$13:$L$13,0)),1,300) -> Area or Dept. Manager | L21: Yes | R21: =MID(INDEX('2. Risk Matrix'!$G$14:$L$19,MATCH($Q21,'2. Risk Matrix'!$F$14:$F$19,0), MATCH($P21,'2. Risk Matrix'!$G$13:$L$13,0)),1,20) -> #N/A | S21: =MID(INDEX('7. Escalation Matrix'!$G$14:$L$19,MATCH($Q21,'7. Escalation Matrix'!$F$14:$F$19,0), MATCH($P21,'7. Escalation Matrix'!$G$13:$L$13,0)),1,300) -> #N/A | U21: Please select
... A66: 57 | B66: High Voltage - Earthing | C66: Contact with live High Voltage electricity - Injury | D66: HV Access required during construction / testing / commissioning | E66: Health & Safety | F66: In accordance with YUR 2150 High Voltage Operating Guideline and the Energy Queensland Standard ‘Earthing of high voltage electrical apparatus for the protection of personnel’ (EE P53K05R01 / EX RED 01732), earths should be applied in accordance with an approved HV Switching Sheet after first having proven dead or in the case of metal clad switchgear where this is not possible, by utilising the manufacturer’s installed capacitive voltage detection system. Only approved earthing devices shall be used. Where possible, earths shall be placed as close as possible to all points of isolation. For line work and in substations, main earths should be connected at suitable poles or structures clear of the working position. In applying an earthing device, it shall be connected to earth before it is applied to the conductors, and it shall be removed from the conductors before it is disconnected from earth. | G66: Good | H66: Significant (5) | I66: Very Unlikely (2) | J66: =MID(INDEX('2. Risk Matrix'!$G$14:$L$19,MATCH($I66,'2. Risk Matrix'!$F$14:$F$19,0), MATCH($H66,'2. Risk Matrix'!$G$13:$L$13,0)),1,20) -> Minor 16 | K66: =MID(INDEX('7. Escalation Matrix'!$G$14:$L$19,MATCH($I66,'7. Escalation Matrix'!$F$14:$F$19,0), MATCH($H66,'7. Escalation Matrix'!$G$13:$L$13,0)),1,300) -> Area or Dept. Manager | L66: Yes | R66: =MID(INDEX('2. Risk Matrix'!$G$14:$L$19,MATCH($Q66,'2. Risk Matrix'!$F$14:$F$19,0), MATCH($P66,'2. Risk Matrix'!$G$13:$L$13,0)),1,20) -> #N/A | S66: =MID(INDEX('7. Escalation Matrix'!$G$14:$L$19,MATCH($Q66,'7. Escalation Matrix'!$F$14:$F$19,0), MATCH($P66,'7. Escalation Matrix'!$G$13:$L$13,0)),1,300) -> #N/A | U66: Please select
A67: 58 | B67: High Voltage - Live work | C67: Contact with live electricity - Injury | D67: NOT ANTICIPATED to be undertaken by Yurika | E67: Health & Safety | F67: High voltage LIVE WORK will only be undertaken by authorised DNSP or TNSP Live Line personnel. | G67: Good | J67: =MID(INDEX('2. Risk Matrix'!$G$14:$L$19,MATCH($I67,'2. Risk Matrix'!$F$14:$F$19,0), MATCH($H67,'2. Risk Matrix'!$G$13:$L$13,0)),1,20) -> #N/A | K67: =MID(INDEX('7. Escalation Matrix'!$G$14:$L$19,MATCH($I67,'7. Escalation Matrix'!$F$14:$F$19,0), MATCH($H67,'7. Escalation Matrix'!$G$13:$L$13,0)),1,300) -> #N/A | L67: Yes | R67: =MID(INDEX('2. Risk Matrix'!$G$14:$L$19,MATCH($Q67,'2. Risk Matrix'!$F$14:$F$19,0), MATCH($P67,'2. Risk Matrix'!$G$13:$L$13,0)),1,20) -> #N/A | S67: =MID(INDEX('7. Escalation Matrix'!$G$14:$L$19,MATCH($Q67,'7. Escalation Matrix'!$F$14:$F$19,0), MATCH($P67,'7. Escalation Matrix'!$G$13:$L$13,0)),1,300) -> #N/A | U67: Please select
A68: 59 | B68: High Voltage - Switching | C68: Contact with live High Voltage electricity - Injury | D68: HV Access required during construction / testing / commissioning | E68: Health & Safety | F68: In accordance with YUR 2150 High Voltage Operating Guideline, HV Switching will only be undertaken by persons authorised by Yurika to undertake particular HV tasks e.g. High Voltage Switching Operator, High Voltage Switching Operator's Assistant. Switching operations must only be undertaken in accordance with an approved Switching Sheet. | G68: Good | H68: Significant (5) | I68: Very Unlikely (2) | J68: =MID(INDEX('2. Risk Matrix'!$G$14:$L$19,MATCH($I68,'2. Risk Matrix'!$F$14:$F$19,0), MATCH($H68,'2. Risk Matrix'!$G$13:$L$13,0)),1,20) -> Minor 16 | K68: =MID(INDEX('7. Escalation Matrix'!$G$14:$L$19,MATCH($I68,'7. Escalation Matrix'!$F$14:$F$19,0), MATCH($H68,'7. Escalation Matrix'!$G$13:$L$13,0)),1,300) -> Area or Dept. Manager | L68: Yes | R68: =MID(INDEX('2. Risk Matrix'!$G$14:$L$19,MATCH($Q68,'2. Risk Matrix'!$F$14:$F$19,0), MATCH($P68,'2. Risk Matrix'!$G$13:$L$13,0)),1,20) -> #N/A | S68: =MID(INDEX('7. Escalation Matrix'!$G$14:$L$19,MATCH($Q68,'7. Escalation Matrix'!$F$14:$F$19,0), MATCH($P68,'7. Escalation Matrix'!$G$13:$L$13,0)),1,300) -> #N/A | U68: Please select
A69: 60 | B69: High Voltage - Testing | C69: Contact with live High Voltage electricity - Injury | D69: HV Access required during construction / testing / commissioning | E69: Health & Safety | F69: In accordance with YUR 2150 High Voltage Operating Guideline, HV testing will only be undertaken when working under an authorised HV Test Permit. Work must only be undertaken within the Safe Work Area boundaries identified by the HV Test Permit. Persons signing on to a HV Test Permit must understand the limits and obligations of the Test Permit, must not undertake any work other than that identified by the Test Permit, and sign-off the Test Permit when work is complete. | G69: Good | H69: Significant (5) | I69: Very Unlikely (2) | J69: =MID(INDEX('2. Risk Matrix'!$G$14:$L$19,MATCH($I69,'2. Risk Matrix'!$F$14:$F$19,0), MATCH($H69,'2. Risk Matrix'!$G$13:$L$13,0)),1,20) -> Minor 16 | K69: =MID(INDEX('7. Escalation Matrix'!$G$14:$L$19,MATCH($I69,'7. Escalation Matrix'!$F$14:$F$19,0), MATCH($H69,'7. Escalation Matrix'!$G$13:$L$13,0)),1,300) -> Area or Dept. Manager | L69: Yes | R69: =MID(INDEX('2. Risk Matrix'!$G$14:$L$19,MATCH($Q69,'2. Risk Matrix'!$F$14:$F$19,0), MATCH($P69,'2. Risk Matrix'!$G$13:$L$13,0)),1,20) -> #N/A | S69: =MID(INDEX('7. Escalation Matrix'!$G$14:$L$19,MATCH($Q69,'7. Escalation Matrix'!$F$14:$F$19,0), MATCH($P69,'7. Escalation Matrix'!$G$13:$L$13,0)),1,300) -> #N/A | U69: Please select
A70: 61 | B70: High Voltage - Work in the vicinity | C70: Contact with live High Voltage electricity - Injury | D70: HV Access required during construction / testing / commissioning | E70: Health & Safety | F70: Work in the vicinity of HV electrical apparatus shall be considered if there is even a remote possibility that induction may occur or a conducting medium (plant or equipment) may come within the nominated safe approach distance (SAD). If personnel are required to work in closer proximity to live HV electrical apparatus than the SAD, then the apparatus shall be de-energised, isolated, earthed and works completed under a HV Access Authority. | G70: Good | H70: Significant (5) | I70: Very Unlikely (2) | J70: =MID(INDEX('2. Risk Matrix'!$G$14:$L$19,MATCH($I70,'2. Risk Matrix'!$F$14:$F$19,0), MATCH($H70,'2. Risk Matrix'!$G$13:$L$13,0)),1,20) -> Minor 16 | K70: =MID(INDEX('7. Escalation Matrix'!$G$14:$L$19,MATCH($I70,'7. Escalation Matrix'!$F$14:$F$19,0), MATCH($H70,'7. Escalation Matrix'!$G$13:$L$13,0)),1,300) -> Area or Dept. Manager | L70: Yes | R70: =MID(INDEX('2. Risk Matrix'!$G$14:$L$19,MATCH($Q70,'2. Risk Matrix'!$F$14:$F$19,0), MATCH($P70,'2. Risk Matrix'!$G$13:$L$13,0)),1,20) -> #N/A | S70: =MID(INDEX('7. Escalation Matrix'!$G$14:$L$19,MATCH($Q70,'7. Escalation Matrix'!$F$14:$F$19,0), MATCH($P70,'7. Escalation Matrix'!$G$13:$L$13,0)),1,300) -> #N/A | U70: Please select
A71: 62 | B71: High Voltage - Work on High Voltage apparatus | C71: Contact with live High Voltage electricity - Injury | D71: HV Access required during construction / testing / commissioning | E71: Health & Safety | F71: In accordance with YUR 2150 High Voltage Operating Guideline, HV work will only be undertaken on High Voltage apparatus which has been de-energised, isolated and earthed according to an approved HV Switching Sheet. Work must not commence unless an Authorised HV Access Permit is in place, Safe Work Area boundaries are delineated, nearest live in-service equipment is identified and any necessary additional isolations are undertaken. Persons signing on to a HV Access Permit must understand the limits and obligations of the Access Permit, must not undertake any work other than that identified by the Access Permit, and sign-off the Access Permit when work is complete. | G71: Good | H71: Significant (5) | I71: Very Unlikely (2) | J71: =MID(INDEX('2. Risk Matrix'!$G$14:$L$19,MATCH($I71,'2. Risk Matrix'!$F$14:$F$19,0), MATCH($H71,'2. Risk Matrix'!$G$13:$L$13,0)),1,20) -> Minor 16 | K71: =MID(INDEX('7. Escalation Matrix'!$G$14:$L$19,MATCH($I71,'7. Escalation Matrix'!$F$14:$F$19,0), MATCH($H71,'7. Escalation Matrix'!$G$13:$L$13,0)),1,300) -> Area or Dept. Manager | L71: Yes | R71: =MID(INDEX('2. Risk Matrix'!$G$14:$L$19,MATCH($Q71,'2. Risk Matrix'!$F$14:$F$19,0), MATCH($P71,'2. Risk Matrix'!$G$13:$L$13,0)),1,20) -> #N/A | S71: =MID(INDEX('7. Escalation Matrix'!$G$14:$L$19,MATCH($Q71,'7. Escalation Matrix'!$F$14:$F$19,0), MATCH($P71,'7. Escalation Matrix'!$G$13:$L$13,0)),1,300) -> #N/A | U71: Please select
A72: 63 | B72: Apply and remove portable earthing devices. | C72: Contact with live electricity - Injury | D72: Earthing required during construction / test / commission | E72: Health & Safety | F72: Keep people away from earth stake and leads Maintain exclusion zones. Earth where you tested. Lead to earth point connected first, removed last. Apply to all phases of the line or equipment being accessed. Support the weight of the down leads. Keep earth leads straight and untangled. Attach a DNOB to the Operator Earths. Record the location of Working Earths on the Access Permit. Secure excess earth leads. Control movement of the earths to ensure they remain clear of the live HV. DO NOT contact the earth leads or head. Before removing reassess hazards if conditions have changed. If 500mm clearance from live HV cannot be achieved then a temporary stirrup fitted to the bottom of the EDO should be used as the earthing point. Appropriate phase gloves must be worn when attaching earths. | G72: Good | H72: Significant (5) | I72: Very Unlikely (2) | J72: =MID(INDEX('2. Risk Matrix'!$G$14:$L$19,MATCH($I72,'2. Risk Matrix'!$F$14:$F$19,0), MATCH($H72,'2. Risk Matrix'!$G$13:$L$13,0)),1,20) -> Minor 16 | K72: =MID(INDEX('7. Escalation Matrix'!$G$14:$L$19,MATCH($I72,'7. Escalation Matrix'!$F$14:$F$19,0), MATCH($H72,'7. Escalation Matrix'!$G$13:$L$13,0)),1,300) -> Area or Dept. Manager | L72: Yes | R72: =MID(INDEX('2. Risk Matrix'!$G$14:$L$19,MATCH($Q72,'2. Risk Matrix'!$F$14:$F$19,0), MATCH($P72,'2. Risk Matrix'!$G$13:$L$13,0)),1,20) -> #N/A | S72: =MID(INDEX('7. Escalation Matrix'!$G$14:$L$19,MATCH($Q72,'7. Escalation Matrix'!$F$14:$F$19,0), MATCH($P72,'7. Escalation Matrix'!$G$13:$L$13,0)),1,300) -> #N/A | U72: Please select
A73: 64 | B73: Insulating LV electrical e.g. mats and tails | C73: Contact with live electricity - Injury | D73: Work adjacent live LV | E73: Health & Safety | F73: Only licensed electrical workers shall install insulating mats/tails. PPE shall be worn when undertaking LV insulation. This includes OO gloves, outer protective gloves, long sleeve cotton shirts, long cotton pants, and safety boots. Eye protection shall be worn when performing live electrical work or while in proximity to exposed live parts. All jewellery shall be removed prior to work commencing. This includes but is not limited to any body-piercings, watches, chains, rings etc. A trained and competent safety observer shall be appointed at all times whilst LV work is being undertaken. A stocked and in date LV rescue kit shall be on hand for the safety observer. | G73: Good | H73: Moderate (3) | I73: Very Unlikely (2) | J73: =MID(INDEX('2. Risk Matrix'!$G$14:$L$19,MATCH($I73,'2. Risk Matrix'!$F$14:$F$19,0), MATCH($H73,'2. Risk Matrix'!$G$13:$L$13,0)),1,20) -> Sustainable 7 | K73: =MID(INDEX('7. Escalation Matrix'!$G$14:$L$19,MATCH($I73,'7. Escalation Matrix'!$F$14:$F$19,0), MATCH($H73,'7. Escalation Matrix'!$G$13:$L$13,0)),1,300) -> Supervisor/ Front Line Manager | L73: Yes | R73: =MID(INDEX('2. Risk Matrix'!$G$14:$L$19,MATCH($Q73,'2. Risk Matrix'!$F$14:$F$19,0), MATCH($P73,'2. Risk Matrix'!$G$13:$L$13,0)),1,20) -> #N/A | S73: =MID(INDEX('7. Escalation Matrix'!$G$14:$L$19,MATCH($Q73,'7. Escalation Matrix'!$F$14:$F$19,0), MATCH($P73,'7. Escalation Matrix'!$G$13:$L$13,0)),1,300) -> #N/A | U73: Please select
A74: 65 | B74: Isolating LV electrical - Low voltage distribution network covered by Network Operator Rules | C74: Contact with live electricity - Injury | D74: Work adjacent live LV | E74: Health & Safety | F74: Yurika will work under the DNSP's Low Voltage Access system. A LV Switching sheet authorised by the asset owner shall be on site prior to any LV work commencing. Only licensed electrical workers shall undertake LV isolation. An in-test date LV mat shall be used when undertaking LV isolation. PPE shall be worn when undertaking LV isolation. This includes OO gloves, outer protective gloves, long sleeve cotton shirts, long cotton pants, and safety boots. Eye protection shall be worn when performing live electrical work or while in proximity to exposed live parts, making or breaking connections between energised LV cables or equipment, isolating or energising an LV network at a loop pillar, link pillar or CFS unit. Isolate alternate supplies in relation to consumer services e.g. solar/generator. All jewellery shall be removed prior to work commencing. This includes but is not limited to body piercings, watches, chains, rings etc. A trained and competent safety observer shall be appointed at all times whilst LV work is being undertaken. A stocked and in date LV rescue kit shall be on hand for the safety observer. A suitable test device shall be used to prove isolation was successful. DNOB to be installed on de-energised circuit. | G74: Good | H74: Moderate (3) | I74: Very Unlikely (2) | J74: =MID(INDEX('2. Risk Matrix'!$G$14:$L$19,MATCH($I74,'2. Risk Matrix'!$F$14:$F$19,0), MATCH($H74,'2. Risk Matrix'!$G$13:$L$13,0)),1,20) -> Sustainable 7 | K74: =MID(INDEX('7. Escalation Matrix'!$G$14:$L$19,MATCH($I74,'7. Escalation Matrix'!$F$14:$F$19,0), MATCH($H74,'7. Escalation Matrix'!$G$13:$L$13,0)),1,300) -> Supervisor/ Front Line Manager | L74: Yes | R74: =MID(INDEX('2. Risk Matrix'!$G$14:$L$19,MATCH($Q74,'2. Risk Matrix'!$F$14:$F$19,0), MATCH($P74,'2. Risk Matrix'!$G$13:$L$13,0)),1,20) -> #N/A | S74: =MID(INDEX('7. Escalation Matrix'!$G$14:$L$19,MATCH($Q74,'7. Escalation Matrix'!$F$14:$F$19,0), MATCH($P74,'7. Escalation Matrix'!$G$13:$L$13,0)),1,300) -> #N/A | U74: Please select
A75: 66 | B75: Isolating LV electrical - Low voltage equipment and circuits (off network) | C75: Contact with live electricity - Injury | D75: Work adjacent live LV | E75: Health & Safety | F75: Subject to statutory exclusions, electrical work on energised electrical equipment is prohibited. Isolation of low voltage electrical equipment is undertaken in accordance with the Yurika Low Voltage Isolation Operating Guideline YUR 2168. Only licensed electrical workers shall undertake LV isolation. An in-test date LV mat shall be used when undertaking LV isolation. PPE shall be worn when undertaking LV isolation. This includes OO gloves, outer protective gloves, long sleeve cotton shirts, long cotton pants, and safety boots. Eye protection shall be worn when performing live electrical work or while in proximity to exposed live parts. Isolate alternate supplies in relation to consumer services e.g. solar/generator. All jewellery shall be removed prior to work commencing. This includes but is not limited to body piercings, watches, chains, rings etc. A trained and competent safety observer shall be appointed at all times whilst LV work is being undertaken. A stocked and in date LV rescue kit shall be on hand for the safety observer. A suitable test device shall be used to prove isolation was successful. Personal locks and tags to be applied by any electrical worker working on the isolated apparatus. | G75: Good | H75: Moderate (3) | I75: Very Unlikely (2) | J75: =MID(INDEX('2. Risk Matrix'!$G$14:$L$19,MATCH($I75,'2. Risk Matrix'!$F$14:$F$19,0), MATCH($H75,'2. Risk Matrix'!$G$13:$L$13,0)),1,20) -> Sustainable 7 | K75: =MID(INDEX('7. Escalation Matrix'!$G$14:$L$19,MATCH($I75,'7. Escalation Matrix'!$F$14:$F$19,0), MATCH($H75,'7. Escalation Matrix'!$G$13:$L$13,0)),1,300) -> Supervisor/ Front Line Manager | L75: Yes | R75: =MID(INDEX('2. Risk Matrix'!$G$14:$L$19,MATCH($Q75,'2. Risk Matrix'!$F$14:$F$19,0), MATCH($P75,'2. Risk Matrix'!$G$13:$L$13,0)),1,20) -> #N/A | S75: =MID(INDEX('7. Escalation Matrix'!$G$14:$L$19,MATCH($Q75,'7. Escalation Matrix'!$F$14:$F$19,0), MATCH($P75,'7. Escalation Matrix'!$G$13:$L$13,0)),1,300) -> #N/A | U75: Please select
A76: 67 | B76: Work carried out on or near energised electrical - LV | C76: Contact with live electricity - Injury | D76: Work in the vicinity of live LV. Experienced electrical workers used. | E76: Health & Safety | F76: Low voltage: Isolation shall always be the first priority. Isolate and tag any live low voltage parts and equipment that don't need to be worked on live e.g. testing, fault finding. Set barricading to prevent encroachment into live areas. Where there is a potential for a person to trip, slip or fall into a live area, barricading must be 'hard barricading'. Any bare earthed conductor or equipment within reach (including tool length) of any Operator shall be covered using insulating mats/barriers prior to commencing work in proximity to energised equipment. Adjust insulating mats/barriers when altering work position. Ensure a stable work position is maintained throughout the task. Where exclusion zones may be encroached upon, a designated safety observer shall be assigned. The designated safety observer shall have a reliable method of communication with operator. Test for difference of potential on switchboards metal enclosures using an approved test device. Wear approved, in test insulating gloves when required. Use insulated tools and equipment rated for the task and in-test as required. Locate tools and equipment securely. A person competent in electrical rescue and a current cardiopulmonary resuscitation certification to be available for the duration of work. An in-test LV Rescue Kit must be positioned at the work area e.g. at base of pole or near switchboard. | G76: Good | H76: Major (4) | I76: Very Unlikely (2) | J76: =MID(INDEX('2. Risk Matrix'!$G$14:$L$19,MATCH($I76,'2. Risk Matrix'!$F$14:$F$19,0), MATCH($H76,'2. Risk Matrix'!$G$13:$L$13,0)),1,20) -> Minor 14 | K76: =MID(INDEX('7. Escalation Matrix'!$G$14:$L$19,MATCH($I76,'7. Escalation Matrix'!$F$14:$F$19,0), MATCH($H76,'7. Escalation Matrix'!$G$13:$L$13,0)),1,300) -> Area or Dept. Manager | L76: Yes | R76: =MID(INDEX('2. Risk Matrix'!$G$14:$L$19,MATCH($Q76,'2. Risk Matrix'!$F$14:$F$19,0), MATCH($P76,'2. Risk Matrix'!$G$13:$L$13,0)),1,20) -> #N/A | S76: =MID(INDEX('7. Escalation Matrix'!$G$14:$L$19,MATCH($Q76,'7. Escalation Matrix'!$F$14:$F$19,0), MATCH($P76,'7. Escalation Matrix'!$G$13:$L$13,0)),1,300) -> #N/A | U76: Please select
A77: 68 | B77: Work carried out on or near energised electrical - LV Testing | C77: Contact with live electricity - Injury | D77: Work in the vicinity of live LV. Experienced electrical workers used. | E77: Health & Safety | F77: Fault finding should first be attempted in a de-energised environment using de-energised testing methods. Otherwise: Identify exposed conductive parts that could become energised while using test instruments. Use temporary or fixed barriers to prevent electrical workers from inadvertently contacting exposed conductive parts. Use only appropriate insulated and rated tools, test instruments and test probes. Carry out checks to ensure that the test instruments to be used are appropriate and functioning correctly. Use only appropriately rated PPE. Use a safety observer, if required by the HazChat. Ensure that only authorised persons may enter the immediate area where the work is to be carried out. Carry out a regular review of the work situation to ensure that no new hazards are created during the process. | G77: Good | H77: Moderate (3) | I77: Very Unlikely (2) | J77: =MID(INDEX('2. Risk Matrix'!$G$14:$L$19,MATCH($I77,'2. Risk Matrix'!$F$14:$F$19,0), MATCH($H77,'2. Risk Matrix'!$G$13:$L$13,0)),1,20) -> Sustainable 7 | K77: =MID(INDEX('7. Escalation Matrix'!$G$14:$L$19,MATCH($I77,'7. Escalation Matrix'!$F$14:$F$19,0), MATCH($H77,'7. Escalation Matrix'!$G$13:$L$13,0)),1,300) -> Supervisor/ Front Line Manager | L77: Yes | R77: =MID(INDEX('2. Risk Matrix'!$G$14:$L$19,MATCH($Q77,'2. Risk Matrix'!$F$14:$F$19,0), MATCH($P77,'2. Risk Matrix'!$G$13:$L$13,0)),1,20) -> #N/A | S77: =MID(INDEX('7. Escalation Matrix'!$G$14:$L$19,MATCH($Q77,'7. Escalation Matrix'!$F$14:$F$19,0), MATCH($P77,'7. Escalation Matrix'!$G$13:$L$13,0)),1,300) -> #N/A | U77: Please select
A78: 69 | B78: Working in energised Substations | C78: Contact with live electricity - Injury | D78: Experienced personnel | E78: Health & Safety | F78: All persons working on site shall have completed a substation awareness course as a minimum or be accompanied by a competent person at all times. If owned and operated by a third party, persons entering shall notify control upon arrival at the substation, and upon departure. Access rules must be observed e.g. sign-in to log-book; Personnel that enter substations shall hold suitable competencies (i.e. Substation Awareness, Induction) and therefore understand minimum approach clearances to be maintained whilst in substation. No apparatus is to be carried above shoulder height and any apparatus longer than 2.0m is to be carried horizontally by 2 personnel. Metallic ladders and the like are not to be used in the substation environment with exception to scaffolding providing that there is no possibility of this becoming ‘LIVE’ and it is earthed. Gates/ doors shall be kept closed and locked at all times with exception to authorised personnel entering or leaving an enclosure. An employee responsible for unlocking the gate/ door shall ensure that the gate/ door is locked on his/ her departure. Fire suppression units are to be isolated prior to work/s being undertaken and notification of this is to given to the asset owner. When ‘Evacuate Area’ sign is activated, all personnel shall evacuate CO2 protected area immediately. Star pickets shall not be used in live substations at any stage. A Safety Observer shall be assigned where exclusion zones can potentially be encroached. | G78: Good | H78: Moderate (3) | I78: Very Unlikely (2) | J78: =MID(INDEX('2. Risk Matrix'!$G$14:$L$19,MATCH($I78,'2. Risk Matrix'!$F$14:$F$19,0), MATCH($H78,'2. Risk Matrix'!$G$13:$L$13,0)),1,20) -> Sustainable 7 | K78: =MID(INDEX('7. Escalation Matrix'!$G$14:$L$19,MATCH($I78,'7. Escalation Matrix'!$F$14:$F$19,0), MATCH($H78,'7. Escalation Matrix'!$G$13:$L$13,0)),1,300) -> Supervisor/ Front Line Manager | L78: Yes | R78: =MID(INDEX('2. Risk Matrix'!$G$14:$L$19,MATCH($Q78,'2. Risk Matrix'!$F$14:$F$19,0), MATCH($P78,'2. Risk Matrix'!$G$13:$L$13,0)),1,20) -> #N/A | S78: =MID(INDEX('7. Escalation Matrix'!$G$14:$L$19,MATCH($Q78,'7. Escalation Matrix'!$F$14:$F$19,0), MATCH($P78,'7. Escalation Matrix'!$G$13:$L$13,0)),1,300) -> #N/A | U78: Please select
A79: 70 | B79: Manual Handling - Extension ladders | C79: Sudden force / awkward posture - Musculoskeletal injury | D79: Extension ladders handled by experienced personnel | E79: Health & Safety | F79: Two persons are required when manual handling extension ladders exceeding 6m in length. Extension ladders must be manually transported in the horizontal position, usually on the shoulders of the two workers. Although, carried at the side of the workers in substations. Ladder should be positioned on the same should for both workers and worker at rear, must keep in step with the lead worker. The lifting and positioning actions must be in unison. One worker should support the ladder while the other foots the ladder as it is brought to a vertical position. (Pole work) Once the ladder is vertical, place against the pole and continue to extend the ladder. To reduce friction against the pole, one worker should support the ladder head slightly off the pole until it reaches the required height. When retracting ladders, reverse the previous steps and ensure hands are kept clear of stiles as the ladder retracts. Ensure both workers are correctly positioned and working in unison to take the load. | G79: Good | H79: Moderate (3) | I79: Very Unlikely (2) | J79: =MID(INDEX('2. Risk Matrix'!$G$14:$L$19,MATCH($I79,'2. Risk Matrix'!$F$14:$F$19,0), MATCH($H79,'2. Risk Matrix'!$G$13:$L$13,0)),1,20) -> Sustainable 7 | K79: =MID(INDEX('7. Escalation Matrix'!$G$14:$L$19,MATCH($I79,'7. Escalation Matrix'!$F$14:$F$19,0), MATCH($H79,'7. Escalation Matrix'!$G$13:$L$13,0)),1,300) -> Supervisor/ Front Line Manager | L79: Yes | R79: =MID(INDEX('2. Risk Matrix'!$G$14:$L$19,MATCH($Q79,'2. Risk Matrix'!$F$14:$F$19,0), MATCH($P79,'2. Risk Matrix'!$G$13:$L$13,0)),1,20) -> #N/A | S79: =MID(INDEX('7. Escalation Matrix'!$G$14:$L$19,MATCH($Q79,'7. Escalation Matrix'!$F$14:$F$19,0), MATCH($P79,'7. Escalation Matrix'!$G$13:$L$13,0)),1,300) -> #N/A | U79: Please select
... A135: 126 | B135: Pedestrians accessing operational areas in the warehouse | C135: Pedestrian struck and injured by forklift or truck during loading and unloading operations | D135: Limited number of personnel accessing area. | E135: Health & Safety | F135: 1. Designated pedestrian pathways on floor 2. Bollards and flagging to delineate designated pedestrian pathways and forklift free zones 3. Restricted access signage to operational area 4. Forklift warning signs posted at doorways 5. LUEZ (Loading and unloading exclusion zone) in place for loading and unloading operations 6. Requirement for forklift to sound horn when travelling through doorways 7. Warehouse Induction program to include procedure for access to operational areas | G135: Good | H135: Major (4) | I135: Very Unlikely (2) | J135: =MID(INDEX('2. Risk Matrix'!$G$14:$L$19,MATCH($I135,'2. Risk Matrix'!$F$14:$F$19,0), MATCH($H135,'2. Risk Matrix'!$G$13:$L$13,0)),1,20) -> Minor 14 | K135: =MID(INDEX('7. Escalation Matrix'!$G$14:$L$19,MATCH($I135,'7. Escalation Matrix'!$F$14:$F$19,0), MATCH($H135,'7. Escalation Matrix'!$G$13:$L$13,0)),1,300) -> Area or Dept. Manager | L135: Yes | R135: =MID(INDEX('2. Risk Matrix'!$G$14:$L$19,MATCH($Q135,'2. Risk Matrix'!$F$14:$F$19,0), MATCH($P135,'2. Risk Matrix'!$G$13:$L$13,0)),1,20) -> #N/A | S135: =MID(INDEX('7. Escalation Matrix'!$G$14:$L$19,MATCH($Q135,'7. Escalation Matrix'!$F$14:$F$19,0), MATCH($P135,'7. Escalation Matrix'!$G$13:$L$13,0)),1,300) -> #N/A | U135: Please select
A136: 127 | B136: Discovery of Fire Ants Nest | C136: Stings to the people working nearby, damage to the vegetation | D136: The southern entrance area has fire ants | E136: Health & Safety | F136: The area will be treated for fire ants | G136: Good | H136: Low (2) | I136: Unlikely (3) | J136: =MID(INDEX('2. Risk Matrix'!$G$14:$L$19,MATCH($I136,'2. Risk Matrix'!$F$14:$F$19,0), MATCH($H136,'2. Risk Matrix'!$G$13:$L$13,0)),1,20) -> Minor 11 | K136: =MID(INDEX('7. Escalation Matrix'!$G$14:$L$19,MATCH($I136,'7. Escalation Matrix'!$F$14:$F$19,0), MATCH($H136,'7. Escalation Matrix'!$G$13:$L$13,0)),1,300) -> Area or Dept. Manager | L136: Yes | N136: No actions identified | R136: =MID(INDEX('2. Risk Matrix'!$G$14:$L$19,MATCH($Q136,'2. Risk Matrix'!$F$14:$F$19,0), MATCH($P136,'2. Risk Matrix'!$G$13:$L$13,0)),1,20) -> #N/A | S136: =MID(INDEX('7. Escalation Matrix'!$G$14:$L$19,MATCH($Q136,'7. Escalation Matrix'!$F$14:$F$19,0), MATCH($P136,'7. Escalation Matrix'!$G$13:$L$13,0)),1,300) -> #N/A | U136: Please select
A137: 128 | B137: Administration building personnel movement on/around construction site | C137: Admin building personnel exposed to site hazards | D137: The existing administration building is near the project site | E137: Health & Safety | F137: A temporary fence will be set-up to segregate the administration building personnel from construction activities Review the location of temporary fencing for effective segregation of the administration building personnel from the construction activities | G137: Good | H137: Major (4) | I137: Very Unlikely (2) | J137: =MID(INDEX('2. Risk Matrix'!$G$14:$L$19,MATCH($I137,'2. Risk Matrix'!$F$14:$F$19,0), MATCH($H137,'2. Risk Matrix'!$G$13:$L$13,0)),1,20) -> Minor 14 | K137: =MID(INDEX('7. Escalation Matrix'!$G$14:$L$19,MATCH($I137,'7. Escalation Matrix'!$F$14:$F$19,0), MATCH($H137,'7. Escalation Matrix'!$G$13:$L$13,0)),1,300) -> Area or Dept. Manager | L137: Yes | N137: Yurika to review the location of temporary fencing for effective segregation of the administration building personnel from the construction activities | O137: Yurika | R137: =MID(INDEX('2. Risk Matrix'!$G$14:$L$19,MATCH($Q137,'2. Risk Matrix'!$F$14:$F$19,0), MATCH($P137,'2. Risk Matrix'!$G$13:$L$13,0)),1,20) -> #N/A | S137: =MID(INDEX('7. Escalation Matrix'!$G$14:$L$19,MATCH($Q137,'7. Escalation Matrix'!$F$14:$F$19,0), MATCH($P137,'7. Escalation Matrix'!$G$13:$L$13,0)),1,300) -> #N/A | U137: Please select
A138: 129 | B138: Drop in height behind the retaining wall on the north side of the substation area | C138: Plant tip-over, injury to personnel | D138: The area behind the retaining wall on the north side has a significant depth | E138: Health & Safety | F138: fencing installed within site area will remain, if damaged immediate repair undertaken signage to be installed on fence Review installing vehicle barries along the retaining wall to prevent vehicle tip-over | G138: Good | H138: Significant (5) | I138: Very Unlikely (2) | J138: =MID(INDEX('2. Risk Matrix'!$G$14:$L$19,MATCH($I138,'2. Risk Matrix'!$F$14:$F$19,0), MATCH($H138,'2. Risk Matrix'!$G$13:$L$13,0)),1,20) -> Minor 16 | K138: =MID(INDEX('7. Escalation Matrix'!$G$14:$L$19,MATCH($I138,'7. Escalation Matrix'!$F$14:$F$19,0), MATCH($H138,'7. Escalation Matrix'!$G$13:$L$13,0)),1,300) -> Area or Dept. Manager | L138: Yes | N138: Yurika to review installing vehicle barries along the retaining wall to prevent vehicle tip-over | O138: Yurika | R138: =MID(INDEX('2. Risk Matrix'!$G$14:$L$19,MATCH($Q138,'2. Risk Matrix'!$F$14:$F$19,0), MATCH($P138,'2. Risk Matrix'!$G$13:$L$13,0)),1,20) -> #N/A | S138: =MID(INDEX('7. Escalation Matrix'!$G$14:$L$19,MATCH($Q138,'7. Escalation Matrix'!$F$14:$F$19,0), MATCH($P138,'7. Escalation Matrix'!$G$13:$L$13,0)),1,300) -> #N/A | U138: Please select
A139: 130 | B139: Uneven ground surface – crushed rocks, reo cages, etc on the ground | C139: Slips, trips and falls, personnel injury | D139: Existing ground to be excavated contains concrete and steel | E139: Health & Safety | F139: Other works will be minimised during the demolition works and site access to personnel will be limited. | G139: Good | H139: Moderate (3) | I139: Unlikely (3) | J139: =MID(INDEX('2. Risk Matrix'!$G$14:$L$19,MATCH($I139,'2. Risk Matrix'!$F$14:$F$19,0), MATCH($H139,'2. Risk Matrix'!$G$13:$L$13,0)),1,20) -> Minor 13 | K139: =MID(INDEX('7. Escalation Matrix'!$G$14:$L$19,MATCH($I139,'7. Escalation Matrix'!$F$14:$F$19,0), MATCH($H139,'7. Escalation Matrix'!$G$13:$L$13,0)),1,300) -> Area or Dept. Manager | L139: Yes | N139: No actions identified | R139: =MID(INDEX('2. Risk Matrix'!$G$14:$L$19,MATCH($Q139,'2. Risk Matrix'!$F$14:$F$19,0), MATCH($P139,'2. Risk Matrix'!$G$13:$L$13,0)),1,20) -> #N/A | S139: =MID(INDEX('7. Escalation Matrix'!$G$14:$L$19,MATCH($Q139,'7. Escalation Matrix'!$F$14:$F$19,0), MATCH($P139,'7. Escalation Matrix'!$G$13:$L$13,0)),1,300) -> #N/A | U139: Please select
A140: 131 | B140: Existing underground services | C140: Plant in contact with existing services such as electricity | D140: The area was previously used by the power station and contains services underground | E140: Health & Safety | F140: The existing underground services are disconnected and do not need removal | G140: Average | H140: Significant (5) | I140: Very Unlikely (2) | J140: =MID(INDEX('2. Risk Matrix'!$G$14:$L$19,MATCH($I140,'2. Risk Matrix'!$F$14:$F$19,0), MATCH($H140,'2. Risk Matrix'!$G$13:$L$13,0)),1,20) -> Minor 16 | K140: =MID(INDEX('7. Escalation Matrix'!$G$14:$L$19,MATCH($I140,'7. Escalation Matrix'!$F$14:$F$19,0), MATCH($H140,'7. Escalation Matrix'!$G$13:$L$13,0)),1,300) -> Area or Dept. Manager | L140: Yes | N140: No actions identified | R140: =MID(INDEX('2. Risk Matrix'!$G$14:$L$19,MATCH($Q140,'2. Risk Matrix'!$F$14:$F$19,0), MATCH($P140,'2. Risk Matrix'!$G$13:$L$13,0)),1,20) -> #N/A | S140: =MID(INDEX('7. Escalation Matrix'!$G$14:$L$19,MATCH($Q140,'7. Escalation Matrix'!$F$14:$F$19,0), MATCH($P140,'7. Escalation Matrix'!$G$13:$L$13,0)),1,300) -> #N/A | U140: Please select
A141: 132 | B141: Dust due to concrete crushing | C141: Respiratory issues | D141: The existing concrete will be crushed on-site using a concrete crusher | E141: Health & Safety | F141: There will be water suppression of dust during the concrete crushing process with inclusion of PPE and Water trucks, additional monitoring dependant on site conditions once site is established | G141: Good | H141: Moderate (3) | I141: Unlikely (3) | J141: =MID(INDEX('2. Risk Matrix'!$G$14:$L$19,MATCH($I141,'2. Risk Matrix'!$F$14:$F$19,0), MATCH($H141,'2. Risk Matrix'!$G$13:$L$13,0)),1,20) -> Minor 13 | K141: =MID(INDEX('7. Escalation Matrix'!$G$14:$L$19,MATCH($I141,'7. Escalation Matrix'!$F$14:$F$19,0), MATCH($H141,'7. Escalation Matrix'!$G$13:$L$13,0)),1,300) -> Area or Dept. Manager | L141: Yes | N141: No actions identified | R141: =MID(INDEX('2. Risk Matrix'!$G$14:$L$19,MATCH($Q141,'2. Risk Matrix'!$F$14:$F$19,0), MATCH($P141,'2. Risk Matrix'!$G$13:$L$13,0)),1,20) -> #N/A | S141: =MID(INDEX('7. Escalation Matrix'!$G$14:$L$19,MATCH($Q141,'7. Escalation Matrix'!$F$14:$F$19,0), MATCH($P141,'7. Escalation Matrix'!$G$13:$L$13,0)),1,300) -> #N/A | U141: Please select
A142: 133 | B142: Other contaminants not covered by the site investigations | C142: Site personnel exposed to contaminants | D142: There is an existing report from the site investigation that determines the possible soil contaminants, but there may be some contaminants unidentified. | E142: Health & Safety | F142: An emergency response management plan will cover treating any on-site identified contaminants during construction | G142: Good | H142: Major (4) | I142: Very Unlikely (2) | J142: =MID(INDEX('2. Risk Matrix'!$G$14:$L$19,MATCH($I142,'2. Risk Matrix'!$F$14:$F$19,0), MATCH($H142,'2. Risk Matrix'!$G$13:$L$13,0)),1,20) -> Minor 14 | K142: =MID(INDEX('7. Escalation Matrix'!$G$14:$L$19,MATCH($I142,'7. Escalation Matrix'!$F$14:$F$19,0), MATCH($H142,'7. Escalation Matrix'!$G$13:$L$13,0)),1,300) -> Area or Dept. Manager | L142: Yes | N142: No actions identified | R142: =MID(INDEX('2. Risk Matrix'!$G$14:$L$19,MATCH($Q142,'2. Risk Matrix'!$F$14:$F$19,0), MATCH($P142,'2. Risk Matrix'!$G$13:$L$13,0)),1,20) -> #N/A | S142: =MID(INDEX('7. Escalation Matrix'!$G$14:$L$19,MATCH($Q142,'7. Escalation Matrix'!$F$14:$F$19,0), MATCH($P142,'7. Escalation Matrix'!$G$13:$L$13,0)),1,300) -> #N/A | U142: Please select
A143: 134 | B143: High rainfall, and the crushed concrete sub-base mixes with water (high calcium content) | C143: Water pollution, environmental concerns | D143: Calcium or other contaminants can mix with water during rainfall | E143: Health & Safety | F143: Water quality will be monitored. Testing of water during site set-up will be done to check the base water quality | G143: Good | H143: Moderate (3) | I143: Rare (1) | J143: =MID(INDEX('2. Risk Matrix'!$G$14:$L$19,MATCH($I143,'2. Risk Matrix'!$F$14:$F$19,0), MATCH($H143,'2. Risk Matrix'!$G$13:$L$13,0)),1,20) -> Sustainable 6 | K143: =MID(INDEX('7. Escalation Matrix'!$G$14:$L$19,MATCH($I143,'7. Escalation Matrix'!$F$14:$F$19,0), MATCH($H143,'7. Escalation Matrix'!$G$13:$L$13,0)),1,300) -> Supervisor/ Front Line Manager | L143: Yes | N143: No actions identified | R143: =MID(INDEX('2. Risk Matrix'!$G$14:$L$19,MATCH($Q143,'2. Risk Matrix'!$F$14:$F$19,0), MATCH($P143,'2. Risk Matrix'!$G$13:$L$13,0)),1,20) -> #N/A | S143: =MID(INDEX('7. Escalation Matrix'!$G$14:$L$19,MATCH($Q143,'7. Escalation Matrix'!$F$14:$F$19,0), MATCH($P143,'7. Escalation Matrix'!$G$13:$L$13,0)),1,300) -> #N/A | U143: Please select
A144: 135 | B144: Compaction of ground in the vicinity of underground services | C144: Damage to the underground services | D144: Compaction will be done once underground services are installed | E144: Health & Safety | F144: Compaction will be done by taking into account the location of underground services | G144: Good | H144: Moderate (3) | I144: Very Unlikely (2) | J144: =MID(INDEX('2. Risk Matrix'!$G$14:$L$19,MATCH($I144,'2. Risk Matrix'!$F$14:$F$19,0), MATCH($H144,'2. Risk Matrix'!$G$13:$L$13,0)),1,20) -> Sustainable 7 | K144: =MID(INDEX('7. Escalation Matrix'!$G$14:$L$19,MATCH($I144,'7. Escalation Matrix'!$F$14:$F$19,0), MATCH($H144,'7. Escalation Matrix'!$G$13:$L$13,0)),1,300) -> Supervisor/ Front Line Manager | L144: Yes | N144: No actions identified | R144: =MID(INDEX('2. Risk Matrix'!$G$14:$L$19,MATCH($Q144,'2. Risk Matrix'!$F$14:$F$19,0), MATCH($P144,'2. Risk Matrix'!$G$13:$L$13,0)),1,20) -> #N/A | S144: =MID(INDEX('7. Escalation Matrix'!$G$14:$L$19,MATCH($Q144,'7. Escalation Matrix'!$F$14:$F$19,0), MATCH($P144,'7. Escalation Matrix'!$G$13:$L$13,0)),1,300) -> #N/A | U144: Please select
A145: 136 | B145: Plant movement on uneven ground (tip-over risk) | C145: Plant tip-over, injury to personnel | D145: Once the site is under construction, there will be frequent movement of trucks or other plant on site | E145: Health & Safety | F145: The construction pad will be flat and even for movement of plant. (There is some uneven ground area on the sides of the road between the southern entrance and construction site) Review the use of some water-filled bollards across the road on the southern entrance side | G145: Good | H145: Significant (5) | I145: Very Unlikely (2) | J145: =MID(INDEX('2. Risk Matrix'!$G$14:$L$19,MATCH($I145,'2. Risk Matrix'!$F$14:$F$19,0), MATCH($H145,'2. Risk Matrix'!$G$13:$L$13,0)),1,20) -> Minor 16 | K145: =MID(INDEX('7. Escalation Matrix'!$G$14:$L$19,MATCH($I145,'7. Escalation Matrix'!$F$14:$F$19,0), MATCH($H145,'7. Escalation Matrix'!$G$13:$L$13,0)),1,300) -> Area or Dept. Manager | L145: Yes | N145: Yurika to review the use of some water-filled bollards across the road on the southern entrance side | O145: Yurika | R145: =MID(INDEX('2. Risk Matrix'!$G$14:$L$19,MATCH($Q145,'2. Risk Matrix'!$F$14:$F$19,0), MATCH($P145,'2. Risk Matrix'!$G$13:$L$13,0)),1,20) -> #N/A | S145: =MID(INDEX('7. Escalation Matrix'!$G$14:$L$19,MATCH($Q145,'7. Escalation Matrix'!$F$14:$F$19,0), MATCH($P145,'7. Escalation Matrix'!$G$13:$L$13,0)),1,300) -> #N/A | U145: Please select
A146: 137 | B146: Construction materials not conforming to the specifications | C146: Project risk: non-confirming material | D146: Backfilling works will require use of new materials | E146: Health & Safety | F146: Yurika will get a level 1 certification from the third party to ensure the materials and works are compliant | G146: Good | H146: Major (4) | I146: Rare (1) | J146: =MID(INDEX('2. Risk Matrix'!$G$14:$L$19,MATCH($I146,'2. Risk Matrix'!$F$14:$F$19,0), MATCH($H146,'2. Risk Matrix'!$G$13:$L$13,0)),1,20) -> Sustainable 8 | K146: =MID(INDEX('7. Escalation Matrix'!$G$14:$L$19,MATCH($I146,'7. Escalation Matrix'!$F$14:$F$19,0), MATCH($H146,'7. Escalation Matrix'!$G$13:$L$13,0)),1,300) -> Supervisor/ Front Line Manager | L146: Yes | N146: No actions identified | R146: =MID(INDEX('2. Risk Matrix'!$G$14:$L$19,MATCH($Q146,'2. Risk Matrix'!$F$14:$F$19,0), MATCH($P146,'2. Risk Matrix'!$G$13:$L$13,0)),1,20) -> #N/A | S146: =MID(INDEX('7. Escalation Matrix'!$G$14:$L$19,MATCH($Q146,'7. Escalation Matrix'!$F$14:$F$19,0), MATCH($P146,'7. Escalation Matrix'!$G$13:$L$13,0)),1,300) -> #N/A | U146: Please select
A147: 138 | B147: Pipe burst at lower ground level | C147: A pipe burst will cause loss of water pressure, damage to the ground surface | D147: Firefighting water supply pipeline will be installed and sealed under ground, plant hitting the underground pipes | E147: Health & Safety | F147: a) The design team is reviewing the sealing of the water pipes with concrete at the connections to minimize the risk of pipes bursting b) There will be polymeric covers and marker tapes to identify the buried services | G147: Good | H147: Major (4) | I147: Rare (1) | J147: =MID(INDEX('2. Risk Matrix'!$G$14:$L$19,MATCH($I147,'2. Risk Matrix'!$F$14:$F$19,0), MATCH($H147,'2. Risk Matrix'!$G$13:$L$13,0)),1,20) -> Sustainable 8 | K147: =MID(INDEX('7. Escalation Matrix'!$G$14:$L$19,MATCH($I147,'7. Escalation Matrix'!$F$14:$F$19,0), MATCH($H147,'7. Escalation Matrix'!$G$13:$L$13,0)),1,300) -> Supervisor/ Front Line Manager | L147: Yes | N147: No actions identified | R147: =MID(INDEX('2. Risk Matrix'!$G$14:$L$19,MATCH($Q147,'2. Risk Matrix'!$F$14:$F$19,0), MATCH($P147,'2. Risk Matrix'!$G$13:$L$13,0)),1,20) -> #N/A | S147: =MID(INDEX('7. Escalation Matrix'!$G$14:$L$19,MATCH($Q147,'7. Escalation Matrix'!$F$14:$F$19,0), MATCH($P147,'7. Escalation Matrix'!$G$13:$L$13,0)),1,300) -> #N/A | U147: Please select
A148: 139 | B148: Existing earth grid interface (energised earth grid) | C148: Site personnel in contact with the energised earth grid | D148: The interface to the existing earth grid is unknown and the earth grid can be energised | E148: Health & Safety | F148: Obtain a positive identification of the existing earth grid interface and apply controls to segregate the existing earth grid from construction activities | G148: Good | H148: Moderate (3) | I148: Rare (1) | J148: =MID(INDEX('2. Risk Matrix'!$G$14:$L$19,MATCH($I148,'2. Risk Matrix'!$F$14:$F$19,0), MATCH($H148,'2. Risk Matrix'!$G$13:$L$13,0)),1,20) -> Sustainable 6 | K148: =MID(INDEX('7. Escalation Matrix'!$G$14:$L$19,MATCH($I148,'7. Escalation Matrix'!$F$14:$F$19,0), MATCH($H148,'7. Escalation Matrix'!$G$13:$L$13,0)),1,300) -> Supervisor/ Front Line Manager | L148: Yes | N148: Yurika to obtain a positive identification of the existing earth grid interface and apply controls to segregate the existing earth grid from construction activities | O148: Yurika | R148: =MID(INDEX('2. Risk Matrix'!$G$14:$L$19,MATCH($Q148,'2. Risk Matrix'!$F$14:$F$19,0), MATCH($P148,'2. Risk Matrix'!$G$13:$L$13,0)),1,20) -> #N/A | S148: =MID(INDEX('7. Escalation Matrix'!$G$14:$L$19,MATCH($Q148,'7. Escalation Matrix'!$F$14:$F$19,0), MATCH($P148,'7. Escalation Matrix'!$G$13:$L$13,0)),1,300) -> #N/A | U148: Please select
A149: 140 | B149: Blocked road for traffic movement | C149: Delays in deliveries, site works | D149: Trenches and excavations will block road for vehicle movement | E149: Health & Safety | F149: Multiple points of access and egress to / from the site. Deliveries will be notified early of any blocked roads (due to excavation works) and alternative routes planned | G149: Good | H149: Moderate (3) | I149: Unlikely (3) | J149: =MID(INDEX('2. Risk Matrix'!$G$14:$L$19,MATCH($I149,'2. Risk Matrix'!$F$14:$F$19,0), MATCH($H149,'2. Risk Matrix'!$G$13:$L$13,0)),1,20) -> Minor 13 | K149: =MID(INDEX('7. Escalation Matrix'!$G$14:$L$19,MATCH($I149,'7. Escalation Matrix'!$F$14:$F$19,0), MATCH($H149,'7. Escalation Matrix'!$G$13:$L$13,0)),1,300) -> Area or Dept. Manager | L149: Yes | N149: No actions identified | R149: =MID(INDEX('2. Risk Matrix'!$G$14:$L$19,MATCH($Q149,'2. Risk Matrix'!$F$14:$F$19,0), MATCH($P149,'2. Risk Matrix'!$G$13:$L$13,0)),1,20) -> #N/A | S149: =MID(INDEX('7. Escalation Matrix'!$G$14:$L$19,MATCH($Q149,'7. Escalation Matrix'!$F$14:$F$19,0), MATCH($P149,'7. Escalation Matrix'!$G$13:$L$13,0)),1,300) -> #N/A | U149: Please select
A150: 141 | B150: Working in confined spaces | C150: Respiratory issues | D150: Stormwater trenches depth will be greater than 1500 mm | E150: Health & Safety | F150: Confined space training and gas monitors Consider having a second person as a spotter for anyone working in a confined space | G150: Good | H150: Major (4) | I150: Rare (1) | J150: =MID(INDEX('2. Risk Matrix'!$G$14:$L$19,MATCH($I150,'2. Risk Matrix'!$F$14:$F$19,0), MATCH($H150,'2. Risk Matrix'!$G$13:$L$13,0)),1,20) -> Sustainable 8 | K150: =MID(INDEX('7. Escalation Matrix'!$G$14:$L$19,MATCH($I150,'7. Escalation Matrix'!$F$14:$F$19,0), MATCH($H150,'7. Escalation Matrix'!$G$13:$L$13,0)),1,300) -> Supervisor/ Front Line Manager | L150: Yes | N150: Yurika to consider having a second person as a spotter for anyone working in a confined space | O150: Yurika | R150: =MID(INDEX('2. Risk Matrix'!$G$14:$L$19,MATCH($Q150,'2. Risk Matrix'!$F$14:$F$19,0), MATCH($P150,'2. Risk Matrix'!$G$13:$L$13,0)),1,20) -> #N/A | S150: =MID(INDEX('7. Escalation Matrix'!$G$14:$L$19,MATCH($Q150,'7. Escalation Matrix'!$F$14:$F$19,0), MATCH($P150,'7. Escalation Matrix'!$G$13:$L$13,0)),1,300) -> #N/A | U150: Please select
A151: 142 | B151: Excessive truck deliveries on a single day resulting in truck line-up along the road (traffic hazard, and potential discomfort for truck drivers) | C151: Crane lifting unable to accommodate the number of delivered BESS units in a day resulting in traffic congestion | D151: BESS units will be delivered using trucks and crane lifting of BESS from trucks can be done with limited number of lifts per day | E151: Health & Safety | F151: a) TheSwanbank road gate will be used for the transportation of the megapacks. There is some side shoulder on the road for the trucks to stand by between the gate and the access into site, allowing for 10-15 trucks b) There is additional off-road parking on Swanbank road but the movement of traffic presents a risk to the truck drives and should be utilised as an last option Review the temporary parking arrangement for trucks and review the availability of amenities for the drivers | G151: Good | H151: Major (4) | I151: Very Unlikely (2) | J151: =MID(INDEX('2. Risk Matrix'!$G$14:$L$19,MATCH($I151,'2. Risk Matrix'!$F$14:$F$19,0), MATCH($H151,'2. Risk Matrix'!$G$13:$L$13,0)),1,20) -> Minor 14 | K151: =MID(INDEX('7. Escalation Matrix'!$G$14:$L$19,MATCH($I151,'7. Escalation Matrix'!$F$14:$F$19,0), MATCH($H151,'7. Escalation Matrix'!$G$13:$L$13,0)),1,300) -> Area or Dept. Manager | L151: Yes | N151: Yurika to review the temporary parking arrangement for trucks and review the availability of amenities for the drivers | O151: Yurika | R151: =MID(INDEX('2. Risk Matrix'!$G$14:$L$19,MATCH($Q151,'2. Risk Matrix'!$F$14:$F$19,0), MATCH($P151,'2. Risk Matrix'!$G$13:$L$13,0)),1,20) -> #N/A | S151: =MID(INDEX('7. Escalation Matrix'!$G$14:$L$19,MATCH($Q151,'7. Escalation Matrix'!$F$14:$F$19,0), MATCH($P151,'7. Escalation Matrix'!$G$13:$L$13,0)),1,300) -> #N/A | U151: Please select
A152: 143 | B152: Damage to the BESS units during transportation | C152: Damaged BESS units resulting in replacement | D152: BESS units will be transported on trucks | E152: Health & Safety | F152: There will be some inspections done once BESS units are received on trucks to check for damage. It should be done before lifting. Tesla will provide an inspection checklist. Any rejected megapack will not be lifted from its truck Ensure the inspection of BESS units is done before lifting, to check for any damage during transportation | G152: Good | H152: Significant (5) | I152: Rare (1) | J152: =MID(INDEX('2. Risk Matrix'!$G$14:$L$19,MATCH($I152,'2. Risk Matrix'!$F$14:$F$19,0), MATCH($H152,'2. Risk Matrix'!$G$13:$L$13,0)),1,20) -> Minor 15 | K152: =MID(INDEX('7. Escalation Matrix'!$G$14:$L$19,MATCH($I152,'7. Escalation Matrix'!$F$14:$F$19,0), MATCH($H152,'7. Escalation Matrix'!$G$13:$L$13,0)),1,300) -> Area or Dept. Manager | L152: Yes | N152: Yurika to ensure the inspection of BESS units is done before lifting, to check for any damage during transportation | O152: Yurika | R152: =MID(INDEX('2. Risk Matrix'!$G$14:$L$19,MATCH($Q152,'2. Risk Matrix'!$F$14:$F$19,0), MATCH($P152,'2. Risk Matrix'!$G$13:$L$13,0)),1,20) -> #N/A | S152: =MID(INDEX('7. Escalation Matrix'!$G$14:$L$19,MATCH($Q152,'7. Escalation Matrix'!$F$14:$F$19,0), MATCH($P152,'7. Escalation Matrix'!$G$13:$L$13,0)),1,300) -> #N/A | U152: Please select
A153: 144 | B153: Fire inside the BESS units during temporary laydown | C153: Energised BESS can catch fire due to internal faults | D153: BESS units will arrive energised | E153: Health & Safety | F153: a) Review arranging a temporary firefighting system to treat any fire during the laydown period b) Nominate a fire warden for the construction site | G153: Good | H153: Significant (5) | I153: Rare (1) | J153: =MID(INDEX('2. Risk Matrix'!$G$14:$L$19,MATCH($I153,'2. Risk Matrix'!$F$14:$F$19,0), MATCH($H153,'2. Risk Matrix'!$G$13:$L$13,0)),1,20) -> Minor 15 | K153: =MID(INDEX('7. Escalation Matrix'!$G$14:$L$19,MATCH($I153,'7. Escalation Matrix'!$F$14:$F$19,0), MATCH($H153,'7. Escalation Matrix'!$G$13:$L$13,0)),1,300) -> Area or Dept. Manager | L153: Yes | N153: a) Yurika to review arranging a temporary firefighting system to treat any fire during the BESS laydown period b) Yurika to nominate a fire warden for the construction site | O153: Yurika | R153: =MID(INDEX('2. Risk Matrix'!$G$14:$L$19,MATCH($Q153,'2. Risk Matrix'!$F$14:$F$19,0), MATCH($P153,'2. Risk Matrix'!$G$13:$L$13,0)),1,20) -> #N/A | S153: =MID(INDEX('7. Escalation Matrix'!$G$14:$L$19,MATCH($Q153,'7. Escalation Matrix'!$F$14:$F$19,0), MATCH($P153,'7. Escalation Matrix'!$G$13:$L$13,0)),1,300) -> #N/A | U153: Please select
A154: 145 | B154: Project delays causing delays for the BESS connection | C154: BESS units will not have a cooling and monitoring system | D154: BESS units will be kept at the nominated site and any delays in the site works will result in delays with the connection of BESS to the auxiliary power | E154: Health & Safety | F154: The BESS units can be kept up to 12 months without connection | G154: Good | H154: Significant (5) | I154: Rare (1) | J154: =MID(INDEX('2. Risk Matrix'!$G$14:$L$19,MATCH($I154,'2. Risk Matrix'!$F$14:$F$19,0), MATCH($H154,'2. Risk Matrix'!$G$13:$L$13,0)),1,20) -> Minor 15 | K154: =MID(INDEX('7. Escalation Matrix'!$G$14:$L$19,MATCH($I154,'7. Escalation Matrix'!$F$14:$F$19,0), MATCH($H154,'7. Escalation Matrix'!$G$13:$L$13,0)),1,300) -> Area or Dept. Manager | L154: Yes | N154: No actions identified | R154: =MID(INDEX('2. Risk Matrix'!$G$14:$L$19,MATCH($Q154,'2. Risk Matrix'!$F$14:$F$19,0), MATCH($P154,'2. Risk Matrix'!$G$13:$L$13,0)),1,20) -> #N/A | S154: =MID(INDEX('7. Escalation Matrix'!$G$14:$L$19,MATCH($Q154,'7. Escalation Matrix'!$F$14:$F$19,0), MATCH($P154,'7. Escalation Matrix'!$G$13:$L$13,0)),1,300) -> #N/A | U154: Please select
A155: 146 | B155: Inadequate monitoring of the southern entrance | C155: Inadvertent access to the site | D155: Southern entrance will accommodate majority of vehicle/personnel movement | E155: Health & Safety | F155: There is some CCTV monitoring of the site. Manned security will be set up 24/7 Set up a sign-in/sign-out process at the southern entrance with manned security. This can also assist management of traffic during truck movements | G155: Good | H155: Major (4) | I155: Very Unlikely (2) | J155: =MID(INDEX('2. Risk Matrix'!$G$14:$L$19,MATCH($I155,'2. Risk Matrix'!$F$14:$F$19,0), MATCH($H155,'2. Risk Matrix'!$G$13:$L$13,0)),1,20) -> Minor 14 | K155: =MID(INDEX('7. Escalation Matrix'!$G$14:$L$19,MATCH($I155,'7. Escalation Matrix'!$F$14:$F$19,0), MATCH($H155,'7. Escalation Matrix'!$G$13:$L$13,0)),1,300) -> Area or Dept. Manager | L155: Yes | N155: Yurika to set up a sign-in/sign-out process at the southern entrance with manned security. This can also assist management of traffic during truck movements | O155: Yurika | R155: =MID(INDEX('2. Risk Matrix'!$G$14:$L$19,MATCH($Q155,'2. Risk Matrix'!$F$14:$F$19,0), MATCH($P155,'2. Risk Matrix'!$G$13:$L$13,0)),1,20) -> #N/A | S155: =MID(INDEX('7. Escalation Matrix'!$G$14:$L$19,MATCH($Q155,'7. Escalation Matrix'!$F$14:$F$19,0), MATCH($P155,'7. Escalation Matrix'!$G$13:$L$13,0)),1,300) -> #N/A | U155: Please select
A156: 147 | B156: Working with energised earthing for the connection of harmonic filter earthing | C156: Construction personnel in contact with the energised earth grid | D156: Harmonic filters are not in the current scope and future works can involve the connection of harmonic filter earthing to the existing earth grid | E156: Health & Safety | F156: Yurika will know about the extent of works for the harmonic filter before major construction and will account for any future earthing requirements | G156: Good | H156: Major (4) | I156: Very Unlikely (2) | J156: =MID(INDEX('2. Risk Matrix'!$G$14:$L$19,MATCH($I156,'2. Risk Matrix'!$F$14:$F$19,0), MATCH($H156,'2. Risk Matrix'!$G$13:$L$13,0)),1,20) -> Minor 14 | K156: =MID(INDEX('7. Escalation Matrix'!$G$14:$L$19,MATCH($I156,'7. Escalation Matrix'!$F$14:$F$19,0), MATCH($H156,'7. Escalation Matrix'!$G$13:$L$13,0)),1,300) -> Area or Dept. Manager | L156: Yes | R156: =MID(INDEX('2. Risk Matrix'!$G$14:$L$19,MATCH($Q156,'2. Risk Matrix'!$F$14:$F$19,0), MATCH($P156,'2. Risk Matrix'!$G$13:$L$13,0)),1,20) -> #N/A | S156: =MID(INDEX('7. Escalation Matrix'!$G$14:$L$19,MATCH($Q156,'7. Escalation Matrix'!$F$14:$F$19,0), MATCH($P156,'7. Escalation Matrix'!$G$13:$L$13,0)),1,300) -> #N/A | U156: Please select
A157: 148 | B157: Removal of Asbestos Contaminated Materials - Exposure to airborne asbestos fibres | C157: Cause cancers of the lung, ovary and larynx as well as mesothelioma and asbestosis | D157: Presence of asbestos materials | E157: Health & Safety | F157: Safe Work Method Statement for work activity Removal of Asbestos containing material from site Establish an asbestos removal area to restrict unauthorised asbestos removal area. YUR 1301 Hazardous Chemicals and Health Management Procedure Project Asbestos Management Plan Engage Licenced Asbestos Removal Contractor SWMS for asbestos removal works Asbestos Warning Signage Respirator Fit Testing Engaged Independent Licenced Asbestos Assessor Licence Personal Protective Equipment - Disposable Coverall and Respirator | H157: Major (4) | I157: Very Unlikely (2) | J157: =MID(INDEX('2. Risk Matrix'!$G$14:$L$19,MATCH($I157,'2. Risk Matrix'!$F$14:$F$19,0), MATCH($H157,'2. Risk Matrix'!$G$13:$L$13,0)),1,20) -> Minor 14 | K157: =MID(INDEX('7. Escalation Matrix'!$G$14:$L$19,MATCH($I157,'7. Escalation Matrix'!$F$14:$F$19,0), MATCH($H157,'7. Escalation Matrix'!$G$13:$L$13,0)),1,300) -> Area or Dept. Manager | L157: Yes | R157: =MID(INDEX('2. Risk Matrix'!$G$14:$L$19,MATCH($Q157,'2. Risk Matrix'!$F$14:$F$19,0), MATCH($P157,'2. Risk Matrix'!$G$13:$L$13,0)),1,20) -> #N/A | S157: =MID(INDEX('7. Escalation Matrix'!$G$14:$L$19,MATCH($Q157,'7. Escalation Matrix'!$F$14:$F$19,0), MATCH($P157,'7. Escalation Matrix'!$G$13:$L$13,0)),1,300) -> #N/A | U157: Please select
A158: 149 | B158: Hammering Concrete Structure - Exposure to respirable crystalline silica dust | C158: Causes multiple diseases, including silicosis, an incurable lung disease that leads to disability and death. Respirable crystalline silica also causes lung cancer, chronic obstructive pulmonary disease (COPD), and kidney disease. | D158: Silica contained in concrete material | E158: Health & Safety | F158: If practical, eliminate crushing concrete using crusher Install Temporary Fencing are work site Use of Water Truck to suppress dust generation Use Excavator with Hydraulic Breaker, Pulverizer and grab attachment Engaged Demolition Contractor SWMS for activity RCS Control Plan Project Induction Signage to demoli Operator to stay in closed cable whilst Respirator Fit Testing PPE - Respirator | H158: Significant (5) | I158: Very Unlikely (2) | J158: =MID(INDEX('2. Risk Matrix'!$G$14:$L$19,MATCH($I158,'2. Risk Matrix'!$F$14:$F$19,0), MATCH($H158,'2. Risk Matrix'!$G$13:$L$13,0)),1,20) -> Minor 16 | K158: =MID(INDEX('7. Escalation Matrix'!$G$14:$L$19,MATCH($I158,'7. Escalation Matrix'!$F$14:$F$19,0), MATCH($H158,'7. Escalation Matrix'!$G$13:$L$13,0)),1,300) -> Area or Dept. Manager | L158: Yes | R158: =MID(INDEX('2. Risk Matrix'!$G$14:$L$19,MATCH($Q158,'2. Risk Matrix'!$F$14:$F$19,0), MATCH($P158,'2. Risk Matrix'!$G$13:$L$13,0)),1,20) -> #N/A | S158: =MID(INDEX('7. Escalation Matrix'!$G$14:$L$19,MATCH($Q158,'7. Escalation Matrix'!$F$14:$F$19,0), MATCH($P158,'7. Escalation Matrix'!$G$13:$L$13,0)),1,300) -> #N/A | U158: Please select

Sheet 4. Risk Definitions
A1: Abbreviations & Definitions
A3: ABBREVIATIONS
A4: Acronyms | B4: Description
A5: SAP | B5: Task Tracking Register
A6: SFAIRP | B6: So Far As Is Reasonably Practical
A7: ARC | B7: Audit & Risk Committee
A8: AS/NZS | B8: Australian Standards/New Zealand Standards
A9: CEO | B9: Chief Executive Officer
A10: CFO | B10: Chief Financial Officer
A11: CRA | B11: Construction Risk Assessment
A12: DOA | B12: Delegation of Authority
A13: EGM | B13: Executive General Manager
A14: ERM | B14: Enterprise Risk Management
A15: ERR | B15: Enterprise Risk Register
... A32: SWMS | B32: Safe Work Method Statement
A34: DEFINITIONS
A35: Term | B35: Definition
A36: Activity Owner | B36: Accountable for ensuring the risk management process is effectively applied to the proposed activity
A37: Task Owner | B37: Responsible for ensuring that the proposed mitigation actions are ‘fit for purpose’ and can be closed out within the required timeframe
A38: Current Risk | B38: Risk remaining after existing controls are in place
A39: Existing Controls | B39: Applying measures (currently available to the company and already implemented) to reduce current risk so far as is reasonably practicable (SFAIRP))
A40: Hazard | B40: Something with the potential to cause harm
A41: Inherent Risk | B41: Risk before any existing controls are in place
A42: Management of Change (MoC) | B42: Process of bringing planned change within Yurika and EQL
A43: Mitigation Action | B43: Measures (which are NOT in place) required to be implemented to reduce target risks to SFAIRP level
A44: Near miss | B44: Narrowly escaped accident
B45: An unplanned event that did not result into injury, illness or damage but had the potential to do so
A46: Risk | B46: Effect of uncertainty on objectives
B47: A situation (or condition) involving exposure to danger, harm or loss or the possibility of that harm might occur when exposed to hazard/threat associated within activity
A48: Risk Appetite | B48: Level of risk that EQL is willing to accept
A49: Risk Assessment | B49: The process of assessing the risks associated with each of the hazards identified so the nature of the risk can be understood. This includes the nature of the harm that may result from the threat or hazard, the severity of that harm and the likelihood of this occurring.
A50: Risk Authority | B50: Responsible for verifying that the risk assessment process is being followed, reviewing proposed mitigation plan and approving the target risk is SFAIRP
A51: Risk Cause | B51: Where a risk originates from or where it comes from
A52: Risk Consequence | B52: Outcome of a risk event and has an effect (positive or negative) on objectives. A single event can generate a range of consequences
A53: Risk Controls | B53: Existing measures (which are currently in place within Yurika) taken to mitigate a potential risk from occurring
A54: Risk Effect | B54: Describes a deviation from the expected – positive and negative. Could be defined as impact.
A55: Risk Event | B55: Could be an occurrence, several occurrences or even a non-occurrence. It can also be a change in circumstances. Events always have causes and usually have consequences. Events without consequences are sometimes referred as near misses, near hits or close calls
A56: Risk Likelihood | B56: The chance that a risk event might happen
A57: Risk Management | B57: Refers to a coordinated set of activities and methods that is used to direct an organisation and to control the many risks that can affect its ability to achieve objectives. It also refers to the architecture (principles, framework and process) that is used to manage risk
A58: Risk Matrix | B58: A primary tool that Yurika uses to evaluate risk across the business. The EQL Risk Matrix provides a method of combining consequence and likelihood ratings for a risk event to produce a risk rating
A59: Risk Owner | B59: Responsible for identifying, describing, assessing and evaluating the risk as well as proposing mitigation actions and nominating action owners to each action to reduce risk to SFAIRP level
A60: SFAIRP | B60: So Far As Is Reasonably Practical Factors that may determine whether something is ‘reasonably practicable’ : * The likelihood of the hazard or the risk concerned occurring * The degree of harm that might result from the hazard or the risk * What the person concerned knows, or ought reasonably to know, about the hazard or risk, and ways of eliminating or minimising the risk * The availability and suitability of ways to eliminate or minimise the risk * After assessing the extent of the risk and the available ways of eliminating or minimising the risk, the cost associated with available ways of eliminating or minimising the risk, including whether the cost is grossly disproportionate to the risk.

Sheet 6.Doc Control Template
A1: Revision History of Template Document
A3: Document control
A4: Rev | B4: Date | C4: Status | D4: Author/s
A5: A | B5: 43905 | C5: Draft for review and comments | D5: Andrew Behrens
A6: 1 | B6: 43924 | C6: First Release for approved use | D6: Andrew Behrens, Adele Wood
A7: 2 | B7: 44063 | C7: Updated for GRC changes | D7: Andrew Behrens
A8: 3 | B8: 44159 | C8: Update Structure changes, workshop page, document control template, protect sheets to eliminate risk of document being saved in error with updates or changes, enable read only on file, update formulas, add HRCW tab | D8: Adele Wood
A9: 4 | B9: 44244 | C9: Review and update of template to reflect changes in structure and realign to REM (R056) commerical risks for YUR | D9: Andrew Behrens
A10: 5 | B10: 45240 | C10: Removal of inherent risk, realignment of escalation framework to EQL standard. | D10: Andrew Behrens

Sheet 5. Activity-Risk Lists
E1: Risk Assessment
E2: Risk Summary - lists
A4: Risk Category | B4: Risk Heirachy | C4: Risk Category | D4: Hazard Category | E4: Organisational Unit | F4: Secondary Group | G4: SFAIRP Assessment | H4: ESCALATION | I4: MOC Process triggered? | J4: Action Status | K4: Verification | L4: Risk Status | M4: Workshop attendance | N4: Risk Owner | O4: Current Effectiveness of Controls | P4: Review Frequency | Q4: HCPS | R4: Strategic Level Risk | S4: Risk Status | U4: Project Delivery Role | V4: YUR Accountability | W4: Industry /Sector | X4: Location/Access | Y4: Jurisdiction | Z4: SS Required | AC4: Delivery Role | AD4: Deliverables
A5: Please select | B5: Please Select | C5: Please Select | D5: Please Select | E5: Please Select | F5: Please Select | G5: Please select | H5: Please select | I5: Please select | J5: Please select | K5: Please select | L5: Please select | M5: Please select | N5: Please select | O5: Please select | P5: Please select | Q5: N/A | R5: Please select | S5: Please select | U5: Please select | V5: Please select | W5: Please select | X5: Please select | Y5: Please select | Z5: Please select | AA5: Please select | AB5: Please select | AC5: Funding partner; Non-operated JV partner; Non-delivery partner; Similar | AD5: A HSE Plan (Monitoring focused) will be required – Addressing key stakeholder interface; reporting; and assurance requirements.
A6: Existing | B6: Enterprise Strategic Risk | C6: Health & Safety | D6: N/A | E6: CARG | F6: Projects | G6: Yes | I6: Yes | J6: Open | K6: Yes | L6: Open | M6: Attended | N6: Executive GM | O6: Good | P6: Fortnightly | Q6: 1. Transport | R6: Protection of Workers Safety | S6: New risk | U6: O&M | V6: Commission | W6: Commercial | X6: Greenfield | Y6: QLD | Z6: Yes | AC6: Specialist Subcontractor (Yurika personnel performing work for a client / principal / other lead contractor) | AD6: A HSE Plan (Subcontractor execution focused) will be required – Addressing key client / Principal Contractor requirements; referenced SWMSs / procedures / work activity documentation.
A7: Emerging | B7: Business Unit Strategic Risk | C7: Environment / Cultural Heritage | D7: Energy-Electrical | E7: EXEC | F7: Meter Reading | G7: No | I7: No | J7: Closed | K7: No | L7: Transferred | M7: Did not attend | N7: GM E&IUS | O7: Average | P7: Monthly | Q7: 2. Access & Entry | R7: Protection of Workers Health & Wellbeing | S7: Existing | U7: Project Manager | V7: Construct Only | W7: Mine Site | X7: SIMOPs | Y7: NSW | Z7: No | AC7: Operator & Maintainer (Yurika personnel performing work to provide ongoing asset operations, surveillance, monitoring, maintenance for a client) | AD7: A HSE Plan (Operations and maintenance focused) will be required – Addressing key client requirements; control and operational interfaces (including remote intervention); maintenance regime; referenced procedures / work activity documentation.
A8: Future | B8: Functional Strategic Risk + Investment Risk | C8: People + Culture | D8: Energy-Explosive (Explosion) | E8: IUS | F8: Delivery - All | G8: Pending | I8: Outstanding | J8: Overdue | K8: Outstanding | L8: Closed | M8: Reviewer | N8: GM CARG | O8: Poor | P8: Quarterly | Q8: 3. Community Safety | R8: Protection of Community Safety | S8: Closed | U8: Principal Contractor | V8: Decommission/Demolish | W8: P&Gas Facility | X8: Brownfields | Y8: VIC | Z8: N/A | AC8: Project / Venture Manager (Yurika performing a project / program / venture management role using a range of other specialist contractors fulfilling an EPC / PC / or delivery role) | AD8: A HSE Plan (Project management focused) will be required – Addressing key asset phase and delivery accountabilities; client, contractor and consultant interfaces; assurance protocols and project / work characteristics identified.
B9: Operational / Delivery Risk | C9: Stakeholder + Reputation | D9: Energy-Gravity | E9: TELCO | F9: Delivery - Metering | K9: N/A | N9: NM Telco | O9: N/A | P9: Bi Annually | Q9: 4. Plant, Tools & Equipment | R9: Protection of Environment and CH Values | U9: Specialist Contractor | V9: Design & Construct | W9: Major Hazard Facility | Y9: NT | AC9: Principal Contractor (Yurika appointed as PC for a construct project and discharging PC and PCBU obligations at that construction workplace) | AD9: A HSE Plan (WHS Management Plan) will be required – Addressing Principal Contractor construction project obligations; PCBU construction obligations; subcontractor management; SWMSs development / review; project induction; supervision and monitoring protocols; design and commissioning phase protocols (if relevant) and project / work characteristics identified.
B10: Task / Activity Risk | C10: Customers + Community | D10: Energy-Mechanical | E10: METERING | F10: DER - Solar | N10: GM Metering | P10: Annually | Q10: 5. Working With Electricity | R10: Contractual | U10: Funding/Non Delivery | V10: Design & Procure | W10: Other | Y10: WA
C11: Commercial | D11: Energy-Motion | E11: EMERGING BUSINESS | F11: DER - All | N11: GM Emerging Digital | Q11: 6. Asset Safety | R11: Estimating | V11: Operate and/or Maintain | Y11: ACT
C12: Compliance, Legal & Regulatory | D12: Energy-Nature (Earthquake, bushfire, flood) | F12: DER - Isolated Systems | N12: Mgr Online Digital | Q12: 7. Manual tasks | R12: Design | Y12: SA
C13: Information / Digital Security | D13: Energy-Noise | F13: DER - VPP | N13: YUR HSE Mgr | Q13: 8. Hazardous materials & Waste Management | R13: Procurement | Y13: TAS
C14: Network Security and Capability | D14: Energy-Pressure (High Pressure, Low Pressure, Vacuum, Venting, Relief Rate) | F14: Other | N14: Material Sales Mgr | Q14: 9. Fit for Work | R14: Resourcing | Y14: OTHER
D15: Energy-Radiant (Radiant Fire) | N15: Project Director | Q15: 10. Land and Water Management & Disturbance | R15: Delivery
D16: Energy-Thermal (High, Low Temps | N16: Project Manager | Q16: 11. Air, Energy & GHG | R16: Reputational
D17: Energy- Chemical | N17: Field Ops Manager | Q17: 12. Occupational health, Noise & Amenity
D18: Condition-Psycological | N18: WGL | Q18: 13. Security
D19: Condition-Fatigue | N19: Construction Manager | Q19: 14. Working at Heights

Sheet 7. Escalation Matrix
G13: Very low (1) | H13: Low (2) | I13: Moderate (3) | J13: Major (4) | K13: Significant (5) | L13: Severe (6)
F14: Almost Certain (6) | G14: General Manager | H14: General Manager | I14: Exectutive General Manager (escalation and ownership) Risk and Compliance Committee & Subsidiary Board/s (escalation and oversight) | J14: Exectutive General Manager (escalation and ownership) Risk and Compliance Committee & Subsidiary Board/s (escalation and oversight) | K14: EGM (escalation & ownership) CEO (Risk and Compliance Committee and EQL Board (escalation for oversight) | L14: EGM (escalation & ownership) CEO (Risk and Compliance Committee and EQL Board (escalation for oversight)
F15: Likely (5) | G15: Area or Dept. Manager | H15: General Manager | I15: General Manager | J15: Exectutive General Manager (escalation and ownership) Risk and Compliance Committee & Subsidiary Board/s (escalation and oversight) | K15: Exectutive General Manager (escalation and ownership) Risk and Compliance Committee & Subsidiary Board/s (escalation and oversight) | L15: EGM (escalation & ownership) CEO (Risk and Compliance Committee and EQL Board (escalation for oversight)
F16: Possible (4) | G16: Area or Dept. Manager | H16: Area or Dept. Manager | I16: General Manager | J16: General Manager | K16: Exectutive General Manager (escalation and ownership) Risk and Compliance Committee & Subsidiary Board/s (escalation and oversight) | L16: Exectutive General Manager (escalation and ownership) Risk and Compliance Committee & Subsidiary Board/s (escalation and oversight)
F17: Unlikely (3) | G17: Supervisor/ Front Line Manager | H17: Area or Dept. Manager | I17: Area or Dept. Manager | J17: General Manager | K17: General Manager | L17: Exectutive General Manager (escalation and ownership) Risk and Compliance Committee & Subsidiary Board/s (escalation and oversight)
F18: Very Unlikely (2) | G18: Supervisor/ Front Line Manager | H18: Supervisor/ Front Line Manager | I18: Supervisor/ Front Line Manager | J18: Area or Dept. Manager | K18: Area or Dept. Manager | L18: Exectutive General Manager (escalation and ownership) Risk and Compliance Committee & Subsidiary Board/s (escalation and oversight)
F19: Rare (1) | G19: Supervisor/ Front Line Manager | H19: Supervisor/ Front Line Manager | I19: Supervisor/ Front Line Manager | J19: Supervisor/ Front Line Manager | K19: Area or Dept. Manager | L19: General Manager
